 Dungeon Crawl Stone Soup version 0.24-a0-618-ge4662a2d14 (webtiles) character file.

Game seed: 2322635560798200502, levelgen mode: deterministic

1124811 Htamos the Wrestler (level 27, -4/299 HPs)
             Began as a Troll Earth Elementalist on Sept 14, 2019.
             Was the Champion of Kikubaaqudgha.
             Slain by an ancient champion
             ... wielding a +1 battleaxe
              (14 damage)
             ... on level 3 of the Tomb of the Ancients on Sept 15, 2019.
             The game lasted 11:15:32 (151147 turns).

Htamos the Wrestler (Troll Earth Elementalist)    Turns: 151147, Time: 11:15:33

Health: -4/299     AC: 31    Str: 24    XL:     27
Magic:  20/40      EV:  7    Int: 32    God:    Kikubaaqudgha [******]
Gold:   6377       SH:  0    Dex: 10    Spells: 6/54 levels left

rFire    + + +     SeeInvis +     - Unarmed
rCold    + + .     Gourm    +   l - +6 large shield {AC+3}
rNeg     + + +     Faith    .   i - +2 fire dragon scales
rPois    ∞         Spirit   .   f - +0 hat of the Butterfly {rF+ rCorr SInv}
rElec    .         Reflect  .   m - scarf {repulsion}
rCorr    +         Harm     .   (gloves unavailable)
MR       ++++.                  (boots unavailable)
Stlth    ..........             Z - amulet "Vesiops" {RegenMP rC+ rN+ Int+4 Dex-4}
HPRegen  0.99/turn              D - ring "Pizax" {Ice Int+8 Dex+2}
MPRegen  0.52/turn              v - ring of protection from magic

@: about to teleport, lich-form, marked, held, slowed, studying Fire Magic,
repel missiles, very slow
A: large, unfitting armour, claws 3, talons 1, thin metallic scales 2, thin
skeletal structure 1, fire resistance 1, fast metabolism 3, gourmand,
regeneration 1, shaggy fur 1, tough skin 3, MP-powered wands
}: 6/15 runes: serpentine, barnacled, silver, iron, obsidian, abyssal
a: End Transformation, Receive Corpses, Torment, Renounce Religion


You were on level 3 of the Tomb of the Ancients.
You worshipped Kikubaaqudgha.
Kikubaaqudgha was exalted by your worship.
You were not hungry.
You were a lich.
You visited 16 branches of the dungeon, and saw 74 of its levels.
You visited the Abyss 64 times.
You visited 1 bazaar.
You also visited: Trove, Ossuary, Bailey, Ice Cave and Volcano.

You collected 12535 gold pieces.
You spent 6158 gold pieces at shops.

Inventory:

Missiles
 g - 148 stones (quivered)
Armour
 c - a scarf of repulsion
 f - the +0 hat of the Butterfly (worn) {rF+ rCorr SInv}
   (You found it in a treasure trove)

   It protects you from fire.
   It lets you see invisible.
   It provides partial protection from all sources of acid and corrosion.
 h - the +1 cloak of Starlight {rElec rC+ EV+4 Stlth--}
   (You acquired it on level 3 of the Shoals)

   It affects your evasion (+4).
   It protects you from cold.
   It insulates you from electricity.
   It makes you much less stealthy.
 i - +2 fire dragon scales (worn)
 l - a +6 large shield of protection (worn)
 m - a scarf of repulsion (worn)
 x - +4 storm dragon scales {Bai Suzhen}
 E - the +1 robe of Winter {rF+ rN+}
   (You found it on level 2 of the Lair of Beasts)

   It protects you from fire.
   It protects you from negative energy.
 I - +6 gold dragon scales
 X - the +5 shield of Filio {rF+ rCorr}
   (You found it on level 5 of the Lair of Beasts)

   It protects you from fire.
   It provides partial protection from all sources of acid and corrosion.
Magical Staves
 w - an uncursed staff of wizardry
Jewellery
 k - a +5 ring of protection {unknown}
 o - a +2 ring of slaying
 s - the ring of Sievaro {Wiz rElec Dex+3}
   (You bought it in a shop on level 2 of the Elven Halls)

   [ring of wizardry]

   It improves your spell success rate.
   It affects your dexterity (+3).
   It insulates you from electricity.
 v - a ring of protection from magic (right claw)
 z - a +5 ring of slaying
 D - the ring "Pizax" (left claw) {Ice Int+8 Dex+2}
   (You bought it in a shop on level 1 of the Orcish Mines)

   [ring of ice]

   It enhances your ice magic.
   It affects your intelligence (+8).
   It affects your dexterity (+2).
   It makes you vulnerable to fire.
   It protects you from cold.
 K - the ring "Jots" {Wiz Dex+4}
   (You found it on level 4 of the Shoals)

   [ring of wizardry]

   It improves your spell success rate.
   It affects your dexterity (+4).
 Q - an uncursed ring of protection from cold
 Z - the amulet "Vesiops" (around neck) {RegenMP rC+ rN+ Int+4 Dex-4}
   (You found it on level 14 of the Dungeon)

   [amulet of magic regeneration]

   It increases your magic regeneration.
   It affects your intelligence (+4).
   It affects your dexterity (-4).
   It protects you from cold.
   It protects you from negative energy.
Wands
 C - a wand of iceblast (42)
 M - a wand of acid (31)
 O - a wand of disintegration (19)
 V - a wand of digging (14)
 W - a wand of clouds (9)
Scrolls
 a - 26 scrolls of identify {@rr}
 n - 6 scrolls of magic mapping
 q - 13 scrolls of fog
 r - a scroll of amnesia
 t - 25 scrolls of remove curse
 P - 9 scrolls of fear
 U - 5 scrolls of vulnerability
Potions
 b - 5 potions of resistance
 j - 8 potions of curing {@qc}
 p - 3 potions of magic
 u - 10 potions of haste
 B - 4 potions of might
 G - a potion of mutation
 H - 2 potions of cancellation
 J - 10 potions of lignification
 N - 3 potions of invisibility
 S - 3 potions of agility
 T - 4 potions of brilliance
Books
 e - a manual of Fire Magic
Miscellaneous
 y - 3 phantom mirrors
 A - the horn of Geryon
Comestibles
 d - 36 rations


   Skills:
 + Level 21.7 Fighting
 - Level 16.4 Armour
 + Level 15.0 Dodging
 - Level 1.0 Stealth
 - Level 15.0 Shields
 + Level 25.7 Unarmed Combat
 * Level 14.1 Spellcasting
 - Level 7.4 Conjurations
 + Level 21.9 Necromancy
 + Level 3.6 Translocations
 + Level 25.0 Transmutations
 * Level 23.2 Earth Magic


You had 6 spell levels left.
You knew the following spells:

 Your Spells              Type           Power        Failure   Level  Hunger
a - Borgnjor's Vile Clut  Necr/Erth      ########..   0%          5    N/A
b - Passwall              Tmut/Erth      ########     0%          2    N/A
c - Iron Shot             Conj/Erth      #######...   1%          6    N/A
d - Sublimation of Blood  Necr           ########..   0%          2    N/A
e - Pain                  Necr           ####         0%          1    N/A
f - Regeneration          Chrm/Necr      #######...   1%          3    N/A
g - Dispel Undead         Necr           ########     0%          5    N/A
h - Animate Dead          Necr           N/A          0%          4    N/A
i - Necromutation         Tmut/Necr      ########..   1%          8    N/A
j - Shatter               Erth           ########..   30%         9    N/A
k - Teleport Other        Tloc           #####...     2%          3    N/A

Your spell library contained the following spells:

 Spells                   Type           Power        Failure   Level  Hunger
 Animate Skeleton         Necr           N/A          0%          1    N/A
 Beastly Appendage        Tmut           ######       0%          1    N/A
 Sandblast                Erth           ######       0%          1    N/A
 Corpse Rot               Necr           N/A          0%          2    N/A
 Sticks to Snakes         Tmut           ########     0%          2    N/A
 Vampiric Draining        Necr           ########..   0%          3    N/A
 Petrify                  Tmut/Erth      ########     0%          4    N/A
 Agony                    Necr           ########     0%          5    N/A
 Blade Hands              Tmut           ########..   0%          5    N/A
 Lee's Rapid Deconstruct  Erth           ########..   0%          5    N/A
 Apportation              Tloc           #####.       1%          1    N/A
 Flame Tongue             Conj/Fire      #####        1%          1    N/A
 Magic Dart               Conj           ####         1%          1    N/A
 Shock                    Conj/Air       ####         1%          1    N/A
 Sting                    Conj/Pois      ####         1%          1    N/A
 Blink                    Tloc           N/A          1%          2    N/A
 Searing Ray              Conj           ######       1%          2    N/A
 Throw Flame              Conj/Fire      #####.       1%          2    N/A
 Throw Frost              Conj/Ice       ######       1%          2    N/A
 Ignite Poison            Fire/Tmut/Pois ######..     1%          3    N/A
 Spider Form              Tmut/Pois      #######...   1%          3    N/A
 Stone Arrow              Conj/Erth      ######       1%          3    N/A
 Ice Form                 Ice/Tmut       ########     1%          4    N/A
 Iskenderun's Mystic Bla  Conj           ######..     1%          4    N/A
 Leda's Liquefaction      Hex/Erth       #######...   1%          4    N/A
 Alistair's Intoxication  Tmut/Pois      #######.     1%          5    N/A
 Bolt of Draining         Conj/Necr      ########..   1%          5    N/A
 Bolt of Magma            Conj/Fire/Erth ######....   1%          5    N/A
 Excruciating Wounds      Chrm/Necr      #######...   1%          5    N/A
 Irradiate                Conj/Tmut      #######...   1%          5    N/A
 Yara's Violent Unravell  Hex/Tmut       #######...   1%          5    N/A
 Death Channel            Necr           ########..   1%          6    N/A
 Hydra Form               Tmut           ########..   1%          6    N/A
 Statue Form              Tmut/Erth      ########.    1%          6    N/A
 Conjure Flame            Conj/Fire      #####...     2%          3    N/A
 Dazzling Spray           Conj/Hex       #####.       2%          3    N/A
 Gell's Gravitas          Tloc           #####.....   2%          3    N/A
 Lesser Beckoning         Tloc           #####.....   2%          3    N/A
 Static Discharge         Conj/Air       #####...     2%          3    N/A
 Shroud of Golubria       Chrm/Tloc      ####..       3%          2    N/A
 Confusing Touch          Hex            ###...       4%          1    N/A
 Freeze                   Ice            ####         4%          1    N/A
 Infusion                 Chrm           ###.         4%          1    N/A
 Summon Butterflies       Summ           ###.....     4%          1    N/A
 Summon Small Mammal      Summ           ###.         4%          1    N/A
 Mephitic Cloud           Conj/Pois/Air  #####...     4%          3    N/A
 Force Lance              Conj/Tloc      ######..     4%          4    N/A
 Call Imp                 Summ           ###.....     6%          2    N/A
 Ensorcelled Hibernation  Hex/Ice        ####..       6%          2    N/A
 Poisonous Vapours        Pois/Air       ###...       6%          2    N/A
 Slow                     Hex            ###.....     6%          2    N/A
 Song of Slaying          Chrm           ###.....     6%          2    N/A
 Swiftness                Chrm/Air       ###.....     6%          2    N/A
 Recall                   Summ/Tloc      N/A          6%          3    N/A
 Simulacrum               Ice/Necr       ########..   7%          6    N/A
 Fulminant Prism          Conj/Hex       #####.....   9%          4    N/A
 Passage of Golubria      Tloc           N/A          9%          4    N/A
 Sticky Flame             Conj/Fire      #####...     9%          4    N/A
 Throw Icicle             Conj/Ice       ######..     9%          4    N/A
 Call Canine Familiar     Summ           ###.....     12%         3    N/A
 Confuse                  Hex            ###.....     12%         3    N/A
 Inner Flame              Hex/Fire       ###.....     12%         3    N/A
 Ozocubu's Armour         Chrm/Ice       ####....     12%         3    N/A
 Spectral Weapon          Hex/Chrm       ###.....     12%         3    N/A
 Summon Guardian Golem    Hex/Summ       ###.....     12%         3    N/A
 Fireball                 Conj/Fire      #####.....   24%         5    N/A
 Iskenderun's Battlesphe  Conj/Chrm      #####...     24%         5    N/A
 Lightning Bolt           Conj/Air       #####.....   24%         5    N/A
 Venom Bolt               Conj/Pois      #####.....   24%         5    N/A
 Airstrike                Air            ###.......   38%         4    N/A
 Cause Fear               Hex            ###.......   38%         4    N/A
 Olgreb's Toxic Radiance  Pois           ###.....     38%         4    N/A
 Summon Ice Beast         Ice/Summ       ####....     38%         4    N/A
 Summon Lightning Spire   Summ/Air       ###.....     38%         4    N/A
 Summon Forest            Summ/Tloc      ####......   47%         5    N/A
 Aura of Abjuration       Summ           ###.......   75%         5    N/A
 Metabolic Englaciation   Hex/Ice        ####......   75%         5    N/A
 Silence                  Hex/Air        ###.......   75%         5    N/A
 Summon Demon             Summ           ###.......   75%         5    N/A
 Summon Mana Viper        Hex/Summ       ###.....     75%         5    N/A
 Bolt of Cold             Conj/Ice       ######....   80%         6    N/A
 Bolt of Fire             Conj/Fire      #####.....   80%         6    N/A
 Conjure Ball Lightning   Conj/Air       #####.....   80%         6    N/A
 Poison Arrow             Conj/Pois      #####.....   80%         6    N/A
 Freezing Cloud           Conj/Ice/Air   ######....   92%         6    N/A
 Darkness                 Hex            ###.......   99%         6    N/A
 Deflect Missiles         Chrm/Air       ###.......   99%         6    N/A
 Ozocubu's Refrigeration  Ice            ####......   99%         6    N/A
 Shadow Creatures         Summ           N/A          99%         6    N/A
 Borgnjor's Revivificati  Necr           ########..   3%          8    N/A
 Infestation              Necr           ########..   3%          8    N/A
 Haunt                    Necr/Summ      #######...   36%         7    N/A
 Lehudib's Crystal Spear  Conj/Erth      #######...   45%         8    N/A
 Orb of Destruction       Conj           ######....   85%         7    N/A
 Death's Door             Chrm/Necr      #######...   96%         8    N/A
 Ring of Flames           Chrm/Fire      ###.......   100%        7    N/A
 Spellforged Servitor     Conj/Summ      #####.....   100%        7    N/A
 Summon Hydra             Summ           ###.......   100%        7    N/A
 Chain Lightning          Conj/Air       #####.....   100%        8    N/A
 Controlled Blink         Tloc           N/A          100%        8    N/A
 Discord                  Hex            ###.......   100%        8    N/A
 Ignition                 Fire           ###.......   100%        8    N/A
 Fire Storm               Conj/Fire      #####.....   100%        9    N/A
 Glaciate                 Conj/Ice       ######....   100%        9    N/A
 Tornado                  Air            ###.......   100%        9    N/A

Dungeon Overview and Level Annotations

Branches:
Dungeon (15/15)            Temple (1/1) D:7            Lair (6/6) D:9
 Shoals (4/4) Lair:4        Snake (4/4) Lair:3        Slime (2/5) Lair:5
    Orc (2/2) D:12            Elf (3/3) Orc:2        Vaults (5/5) D:14
  Crypt (3/3) Vaults:2       Tomb (3/3) Crypt:3      Depths (5/5) D:15
   Hell (visited)             Dis (7/7) Hell            Geh (7/7) Hell
    Coc (0/7) Hell            Tar (6/7) Hell            Zot (0/5) Depths:5
Ossuary (visited)          Bailey (visited)           IceCv (visited)
Volcano (visited)

Altars:
Ashenzari
Cheibriados
Dithmenos
Elyvilon
Fedhas
Gozag
Hepliaklqana
Kikubaaqudgha
Makhleb
Nemelex Xobeh
Okawaru
Qazlal
Ru
Trog
Uskayaw
Vehumet
Wu Jian
Xom
Yredelemnul
Zin
The Shining One
Jiyva

Shops:
D:4 }   Orc:1 =   Orc:2 %}?   Elf:1 [   Elf:2 =   Snake:1 *   Snake:2 !
Vaults:4 %   Vaults:5 !??!?%?!?

Portals:
Hell: Depths:1 Depths:2 Depths:3 Depths:4 Depths:5
Abyss: Depths:3 Depths:4 Depths:5
Pandemonium: Depths:2 Depths:3 Depths:4
Ziggurat: Depths:1

Annotations:
D:6 1 exclusion
D:7 1 runed translucent door, Harold
D:11 exclusion: downstairs
Lair:5 3 runed translucent doors, PeterQ's ghost, journeyman TrHu
Lair:6 2 exclusions
Shoals:2 1 runed translucent door
Snake:1 exclusion: downstairs
Snake:2 1 transporter, exclusion: 2 downstairs
Slime:1 exclusion: 2 downstairs
Elf:1 6 runed translucent doors
Elf:2 3 runed translucent doors, exclusion: downstairs
Elf:3 3 exclusions
Vaults:3 exclusion: downstairs
Crypt:1 Mennas
Depths:1 exclusion: downstairs
Dis:7 exclusion: 2 doors
Geh:7 Asmodeus


Innate Abilities, Weirdness & Mutations

You are too large for most types of armour.
You have claws for hands.
Your metabolism is lightning-fast.
You like to eat raw meat.
Your natural rate of healing is unusually fast.
You are covered in fur. (AC +1)
You have extremely tough skin. (AC +3)
You have sharp toenails.
You are mostly covered in thin metallic scales. (AC +3)
You have a somewhat thin skeletal structure. (Dex +2, Stealth)
Your flesh is heat resistant. (rF+)
You expend magic power (3 MP) to strengthen your wands.


Message History

Put on which piece of jewellery? (? for menu, Esc to quit)
Okay, then.
You struggle against the net.
The death scarab closely misses you. The death scarab bites you.
* * * LOW HITPOINT WARNING * * *
A death scarab comes into view.
The death scarab bites you but does no damage.
The death scarab barely misses you. x2
The death scarab bites you but does no damage.
The death scarab bites you.
* * * LOW HITPOINT WARNING * * *
The death scarab drains your vigour!
You feel as though you will be slow longer.
The death scarab bites you but does no damage.
The death scarab closely misses you.
The death scarab bites you but does no damage.
The death scarab barely misses you.
The ancient champion hits you with a +1 battleaxe!
You die...
Kikubaaqudgha rasps: "You have failed me!
Welcome... oblivion!"

#$.$^.......,,**,,,,,,,,##....
##$.........<*#..^...,,,,**<..
#..........##...^...,,,,,**,,
###.......##.....b..,,,,,,**,
###...[##.....MMM.,,,,,,,**
****#'####..z..M...,,,,,,,**
##.,,,,,*#.§bMsM....,,,,,,,,*
##..,,,,**#§§ssMs.z..,,,,,,,,*
#..M******#§MLsssss.s,,,,,,,,*
#..#* #..zMsMs.s.#,,,,,,,,,
#..# *#^.§§MMb.s.#,,,,,,,,,
#..# #....Z...^.##*,,,,,,,,
#..# *#..........# *,,,,,,,,
#..# *#..8.M.....## **,,,,,,,
#.4#*##Ms.s......##*****,,,,,,
#s)##.4M........##**,****,,,,,
#ssM8......,,,,****,,.****,,,,


You could see 2 greater mummies, an emperor scorpion, 3 bennus, 2 ancient
champions, 3 mummy priests, 7 guardian mummies, an ushabti, a chaos spawn, 14
death scarabs, 2 mummies and a wight.

Vanquished Creatures
  5 ancient liches
  Mara (Depths:2)
  10 greater mummies
  Sojobo (Depths:5)
  Boris (thrice) (Crypt:1 Depths:1 Crypt:3)
  Margery (Vaults:2)
  Frederick (Vaults:3)
  Bai Suzhen (Snake:2)
  7 caustic shrikes
  Vashnia (Snake:2)
  Geryon (Hell)
  the Enchantress (Depths:1)
  6 golden dragons
  Jory (Tomb:1)
  42 bone dragons
  A profane servitor (Abyss:1)
  22 doom hounds
  51 Tzitzimimeh
  58 Brimstone Fiends
  Jorgrun (Orc:2)
  10 tentacled monstrosities
  7 Hell Sentinels
  6 Ice Fiends
  14 iron giants
  22 liches
  2 deep elf master archers (Elf:3)
  5 titans
  2 deep elf blademasters (Elf:3)
  Asterion (Vaults:2)
  4 quicksilver dragons
  11 sphinxes
  6 eldritch tentacles
  Gastronok (Lair:2)
  2 acid blobs
  64 tentacled starspawn
  2 krakens
  2 Executioners
  22 ancient champions
  11 tengu reavers
  Polyphemus (Shoals:2)
  Frances (D:13)
  6 nagarajas
  4 storm dragons
  Kirke (D:15)
  15 shadow dragons
  Donald (Snake:2)
  5 daevas
  11 frost giants
  2 revenants (Crypt:2)
  6 deep elf sorcerers (Elf:3)
  21 fire giants
  5 cacodemons
  A draconian scorcher (Depths:5)
  A draconian knight (Abyss:1)
  32 balrugs
  9 iron dragons
  Louise (Depths:5)
  9 vault wardens
  An orc warlord (Vaults:5)
  Aizul (Snake:4)
  A draconian annihilator (Abyss:1)
  4 deep elf elementalists
  4 curse skulls
  19 ghouls
  A caustic shrike zombie (Crypt:1)
  A draconian shifter (Abyss:1)
  A draconian stormcaller (Depths:5)
  9 spriggan defenders
  24 war gargoyles
  31 very ugly things
  15 ironheart preservers
  98 reapers
  31 stone giants
  2 ophanim
  A green draconian (Depths:5)
  Nessos (D:13)
  An entropy weaver (shapeshifter) (Depths:4)
  2 entropy weavers
  10 vampire knights
  10 deep elf demonologists
  3 bennus (Tomb:3)
  9 lorocyprocas
  Azrael (Snake:3)
  107 starcursed masses
  The ghost of Aghio the Covert, a journeyman HuAr of Trog (Lair:2)
  2 yellow draconians
  6 deep elf annihilators
  A purple draconian (Depths:5)
  2 white draconians (Abyss:1)
  4 black draconians
  A crystal guardian (Abyss:1)
  17 ettins
  7 eidola
  9 spark wasps
  8 merfolk impalers
  5 merfolk javelineers
  22 mummy priests
  4 green deaths
  9 blizzard demons
  10 jiangshi
  10 deep elf death magi
  14 fire dragons
  17 quicksilver dragon zombies
  3 deep elf high priests
  20 yaktaur captains
  A kraken zombie (Hell)
  21 great orbs of eyes
  5 ghost crabs
  9 spriggan air magi
  29 vault guards
  5 hydras
  10 rakshasas
  13 ice dragons
  2 catoblepae
  2 merfolk avatars (Shoals:4)
  8 quicksilver dragon skeletons
  3 hell beasts
  17 naga warriors
  4 anacondas
  2 alligator snapping turtles (Shoals:4)
  20 ogre magi
  43 two-headed ogres
  3 death knights
  A merfolk aquamancer (Shoals:4)
  7 centaur warriors
  11 deep troll shamans
  A two-headed ogre (shapeshifter) (Depths:1)
  14 dancing weapons
  2 satyrs
  A death yak (shapeshifter) (Vaults:5)
  38 death scarabs
  4 tengu warriors
  11 deep troll earth magi
  10 vampire magi
  76 thrashing horrors
  8 death yaks
  14 spriggan berserkers
  66 hell hogs
  14 titan zombies
  15 naga sharpshooters
  3 orc high priests
  A shock serpent (shapeshifter) (Vaults:5)
  16 storm dragon zombies
  22 deep elf knights
  10 shock serpents
  18 soul eaters
  8 iron golems
  44 sun demons
  2 fire crabs (shapeshifter)
  55 wretched stars
  11 titan skeletons
  12 sixfirhies
  4 salamander mystics
  11 spatial maelstroms
  A fire crab (Geh:2)
  87 hell knights
  19 iron trolls
  9 shadow wraiths
  2 quicksilver dragon simulacra
  225 skeletal warriors
  11 storm dragon skeletons
  A death drake (shapeshifter) (Abyss:1)
  A sea snake (shapeshifter) (Depths:4)
  9 sea snakes
  12 glowing orange brains
  A glowing orange brain (shapeshifter) (Depths:3)
  29 shadow demons
  A spark wasp zombie (Depths:1)
  7 unseen horrors
  2 death drakes
  10 anaconda zombies
  3 ghost moth zombies
  A kraken simulacrum (Hell)
  5 wizards
  25 flayed ghosts
  8 naga ritualists
  17 deep elf archers
  17 ironbrand convokers
  41 deep trolls
  12 orc knights
  45 phantasmal warriors
  8 golden dragon zombies
  4 tengu zombies
  8 anaconda skeletons
  42 necromancers
  Pikel (D:7)
  51 deep elf magi
  8 harpies
  5 iron dragon zombies
  11 golden dragon skeletons
  6 mana vipers
  12 wolf spider zombies
  A mana viper (shapeshifter) (Abyss:4)
  19 fire giant zombies
  4 wolf spiders
  11 shadow dragon zombies
  2 orc sorcerers
  51 ugly things
  18 manticores
  5 shadow dragon skeletons
  A wolf spider (shapeshifter) (Depths:2)
  2 orb spiders (shapeshifter)
  A salamander (shapeshifter) (Vaults:1)
  9 frost giant zombies
  16 stone giant zombies
  16 salamanders
  2 manticores (shapeshifter)
  9 stone giant skeletons
  2 shining eyes
  8 fauns
  6 cyclopes
  5 elephants (Lair:4)
  7 dire elephant zombies
  10 iron dragon skeletons
  2 ice statues (IceCv)
  12 fire giant skeletons
  16 worldbinders
  An eye of devastation (Abyss:1)
  13 frost giant skeletons
  76 rust devils
  15 vault sentinels
  6 merfolk sirens
  A guardian serpent (shapeshifter) (Abyss:1)
  31 naga magi
  4 shock serpent zombies
  Joseph (D:10)
  5 water nymphs
  A black mamba (shapeshifter) (Vaults:4)
  Maurice (D:8)
  13 apocalypse crabs
  6 centaur skeletons
  27 black mambas
  7 dire elephant skeletons
  7 molten gargoyles
  A titan simulacrum (Abyss:1)
  A torpor snail (Lair:4)
  64 smoke demons
  22 orange demons
  A minotaur zombie (Crypt:2)
  3 guardian serpents
  7 gargoyles
  An emperor scorpion zombie (Tar:1)
  66 hellions
  6 rime drakes
  5 shock serpent skeletons
  12 spiny frogs
  A green draconian zombie (Crypt:2)
  3 catoblepas zombies
  73 guardian mummies
  A swamp worm zombie (Crypt:2)
  28 freezing wraiths
  3 kobold demonologists
  A rime drake (shapeshifter) (Vaults:2)
  101 tormentors
  A yellow draconian zombie (Tar:1)
  An iron troll zombie (Crypt:2)
  A yaktaur zombie (Vaults:4)
  A green draconian skeleton (Crypt:3)
  45 ice devils
  A tengu conjurer (Depths:5)
  14 hellwings
  A komodo dragon (shapeshifter) (Vaults:1)
  45 yaktaurs
  A catoblepas skeleton (Dis:4)
  15 efreet
  7 komodo dragons
  158 small abominations
  56 red devils
  9 silent spectres
  6 demonic crawlers
  6 harpy zombies
  A golden dragon simulacrum (Abyss:2)
  58 ancient zymes
  A jumping spider (shapeshifter) (D:13)
  A tyrant leech (Abyss:1)
  A sea snake skeleton (Crypt:1)
  6 meliai
  11 trolls
  5 polar bears
  8 wind drakes
  15 hydra zombies
  30 merfolk
  2 queen bees (shapeshifter)
  44 blink frogs
  2 trolls (shapeshifter)
  A hornet (shapeshifter) (Abyss:1)
  A polar bear (shapeshifter) (Vaults:3)
  10 snapping turtles
  A wind drake (shapeshifter) (Abyss:1)
  3 fire dragon zombies
  9 bog bodies
  8 hornets
  8 alligator zombies
  2 queen bees
  12 harpy skeletons
  9 hippogriffs
  9 ice dragon zombies
  91 slime creatures
  A deep troll zombie (Depths:1)
  153 large abominations
  140 raiju
  21 water elementals
  4 black mamba zombies
  A stone giant simulacrum (Abyss:1)
  7 dream sheep
  Sigmund (D:5)
  4 air elementals
  15 ettin skeletons
  A spriggan (shapeshifter) (Vaults:1)
  53 wraiths
  7 ice dragon skeletons
  13 ettin zombies
  10 fire dragon skeletons
  230 flying skulls
  56 shadows
  2 redbacks (shapeshifter)
  36 ynoxinuls
  5 redbacks
  15 spriggans
  2 alligator skeletons
  A vampire (D:15)
  A tarantella (Vaults:5)
  30 fire bats
  A tyrant leech zombie (Crypt:1)
  5 basilisks
  51 yaks
  5 wyverns
  A hog (shapeshifter) (Vaults:3)
  5 black mamba skeletons
  18 ushabtiu
  6 hogs
  21 golden eyes
  A golden eye (shapeshifter) (Vaults:5)
  53 fire elementals
  A basilisk (shapeshifter) (Depths:4)
  11 humans
  11 hungry ghosts
  31 neqoxecs
  2 humans (shapeshifter)
  5 steam dragons
  34 chaos spawn
  5 wargs
  A torturous demonspawn zombie (Geh:2)
  2 merfolk zombies
  3 vampire mosquitoes (D:12)
  46 nagas
  A harpy simulacrum (Crypt:1)
  3 acid dragons
  9 spatial vortices
  A hydra simulacrum (Lair:2)
  30 insubstantial wisps
  A soldier ant (shapeshifter) (Depths:3)
  4 spiny frog zombies
  10 water moccasins
  190 hell hounds
  A two-headed ogre skeleton (Crypt:2)
  A deep troll skeleton (Crypt:3)
  A merfolk skeleton (Tar:1)
  4 floating eyes
  31 orc warriors
  10 porcupines
  6 ice beasts
  4 black bears
  A fire dragon simulacrum (Crypt:1)
  8 sky beasts
  An ice dragon simulacrum (Abyss:3)
  50 necrophages
  14 snapping turtle zombies
  3 swamp dragon zombies
  4 human zombies
  An ettin simulacrum (Depths:1)
  9 eyes of draining
  An eye of draining (shapeshifter) (Vaults:1)
  11 manticore zombies
  19 phantoms
  71 ogres
  13 boggarts
  3 spiny frog skeletons
  A human skeleton (Vaults:4)
  20 wolves
  2 swamp dragon skeletons
  15 centaurs
  2 manticore skeletons
  10 snapping turtle skeletons
  10 crocodiles
  7 big kobolds
  14 bullfrogs
  7 gnoll sergeants
  A salamander zombie (Crypt:2)
  A draconian skeleton (Crypt:1)
  2 earth elementals
  3 spiny frog simulacra
  A water moccasin zombie (Crypt:2)
  An elf skeleton (Geh:2)
  A wyvern zombie (D:15)
  A hornet simulacrum (Vaults:1)
  A wyvern skeleton (D:7)
  6 scorpions
  A blink frog simulacrum (Lair:2)
  2 water moccasin skeletons
  A troll zombie (Dis:7)
  40 killer bees
  A shapeshifter zombie (Crypt:3)
  A spriggan zombie (Geh:6)
  2 howler monkeys
  7 troll skeletons
  215 wights
  2 electric eels (D:9)
  2 spriggan skeletons
  A hippogriff simulacrum (Lair:2)
  26 crimson imps
  A human simulacrum (Vaults:1)
  5 bullfrog zombies
  2 jellies
  6 centaur zombies
  7 hounds
  A wyvern simulacrum (Lair:2)
  A komodo dragon simulacrum (Lair:2)
  13 orc priests
  19 quasits
  Crazy Yiuf (D:7)
  26 orc wizards
  An iguana (D:12)
  69 iron imps
  94 mummies
  8 worker ants
  A polar bear simulacrum (Lair:2)
  A naga zombie (Abyss:2)
  A bullfrog simulacrum (Lair:2)
  2 ogre skeletons
  A big kobold skeleton (Crypt:1)
  2 hound zombies (Ossuary)
  4 naga skeletons
  A tengu skeleton (Geh:5)
  A porcupine simulacrum (Lair:2)
  A hound skeleton (Crypt:3)
  A howler monkey zombie (Ossuary)
  A crocodile simulacrum (Lair:2)
  5 gnolls
  8 adders
  21 shadow imps
  38 white imps
  23 ufetubi
  An ooze (D:3)
  A halfling zombie (Crypt:1)
  An adder skeleton (D:7)
  An adder zombie (Ossuary)
  A lava snake skeleton (Crypt:2)
  3 worms
  A barachi zombie (Crypt:3)
  2 dart slugs
  3 leopard geckos
  84 orcs
  A ball python (D:5)
  3 giant cockroaches
  11 goblins
  7 hobgoblins
  10 jackals
  3 quokkas
  9 bats
  5 frilled lizards
  A gnoll skeleton (Crypt:3)
  33 kobolds
  A kobold zombie (Dis:4)
  A leopard gecko skeleton (D:7)
  An orc skeleton (Crypt:3)
  3 orc zombies
  3 rats
  A rat zombie (Crypt:1)
  6 crawling corpses
  4 fire vortices
  3 lurking horrors
  34 plants
  52 starspawn tentacles
  10 tentacles
6849 creatures vanquished.

Vanquished Creatures (collateral kills)
  Agnes (D:15)
  3 red devils (Geh:6)
  2 hell hounds (Geh:6)
  An eye of draining (Slime:2)
7 creatures vanquished.

Vanquished Creatures (others)
  Boris (Vaults:2)
  12 eldritch tentacles
  2 fire giants (Depths:2)
  A war gargoyle (Dis:7)
  An eidolon (Abyss:2)
  A yaktaur captain (Depths:2)
  A centaur warrior (Depths:2)
  2 hell hogs
  An ogre mage (Vaults:2)
  A deep elf knight (Elf:1)
  2 slime creatures (Depths:2)
  2 black mambas
  A guardian mummy (Crypt:3)
  A tengu conjurer (Depths:1)
  A hydra skeleton (Geh:6)
  4 flying skulls
  A shadow (Dis:1)
  2 starcursed masses
  A wraith (Geh:7)
  A fire bat (Geh:1)
  2 large abominations (Abyss:1)
  A hell hound (Dis:4)
  An orc warrior (Vaults:3)
  An ice beast (D:8)
  A necrophage (Dis:2)
  2 slaves (D:8)
  3 ogres
  2 small abominations (Abyss:1)
  A killer bee (Depths:2)
  3 wights
  A centaur zombie (Geh:2)
  A crimson imp (Geh:1)
  A jelly (Abyss:3)
  An orc priest (Vaults:5)
  A shadow imp (Tar:5)
  6 white imps
  3 ufetubi (IceCv)
  An orc (Vaults:3)
  An orc skeleton (Abyss:4)
  10 fungi
  7 lurking horrors
  18 plants
  133 starspawn tentacles
  33 tentacles
  A withered plant (Ossuary)
274 creatures vanquished.

Grand Total: 7130 creatures vanquished

Notes
Turn   | Place    | Note
-------+----------+-------------------------------------------
     0 | D:1      | Htamos the Troll Earth Elementalist began the quest for the
                  | Orb.
     0 | D:1      | Reached XP level 1. HP: 16/16 MP: 1/1
    67 | D:1      | Reached XP level 2. HP: 26/26 MP: 2/2
   676 | D:2      | Reached skill level 1 in Unarmed Combat
   752 | D:2      | Reached XP level 3. HP: 28/32 MP: 3/3
   756 | D:2      | Reached skill level 1 in Fighting
   756 | D:2      | Reached skill level 1 in Armour
   791 | D:2      | Found a hazy altar of Hepliaklqana.
   838 | D:2      | Found an iron altar of Okawaru.
  1206 | D:3      | Found an opulent altar of Gozag.
  1279 | D:3      | Reached XP level 4. HP: 29/41 MP: 4/4
  1637 | D:3      | Reached XP level 5. HP: 16/49 MP: 5/5
  1882 | D:4      | Got a shimmering pewter ring
  1883 | D:4      | Identified the ring of Duloi {*Drain rPois rF+ MR+} (You
                  | found it on level 4 of the Dungeon)
  2036 | D:4      | Found Cuyhutt's Gadget Boutique.
  2192 | D:4      | Reached XP level 6. HP: 39/57 MP: 6/6
  2282 | D:4      | Found a sacrificial altar of Ru.
  2548 | D:4      | Found a basalt altar of Yredelemnul.
  2750 | D:5      | Entered Level 5 of the Dungeon
  2755 | D:5      | Learned a level 2 spell: Passwall
  2782 | D:5      | Found a sand-covered staircase.
  2787 | Ossuary  | Entered an ossuary
  2817 | Ossuary  | Reached XP level 7. HP: 38/66 MP: 8/8
  3055 | Ossuary  | Reached skill level 5 in Earth Magic
  3210 | Ossuary  | Reached XP level 8. HP: 62/75 MP: 10/10
  3360 | D:5      | Learned a level 3 spell: Stone Arrow
  3366 | D:5      | Learned a level 5 spell: Lee's Rapid Deconstruction
  3473 | D:5      | Htamos: ??giant club
  3473 | D:5      | beem: giant club[1/2]: (maces & flails; -6 acc / 20 dam /
                  | 1.6 base delay / 0.7 min delay; two handed). A giant lump
                  | of wood. The only playable races that can wield giant clubs
                  | are Ogres and Trolls.
  3540 | D:5      | Got a steaming golden amulet
  3680 | D:5      | Noticed Sigmund
  3739 | D:5      | Killed Sigmund
  4507 | D:5      | Reached skill level 5 in Unarmed Combat
  4507 | D:5      | Reached XP level 9. HP: 84/84 MP: 12/12
  4970 | D:6      | Identified the amulet "Xootap" {RegenMP Str+6} (You found
                  | it on level 5 of the Dungeon)
  5232 | D:6      | Found a white marble altar of Elyvilon.
  5523 | D:7      | Found a sparkling altar of Nemelex Xobeh.
  5533 | D:7      | Found a staircase to the Ecumenical Temple.
  5567 | Temple   | Entered the Ecumenical Temple
  5760 | Temple   | Became a worshipper of Kikubaaqudgha
  5788 | D:7      | Found a glowing silver altar of Zin.
  5928 | D:7      | Found a runed translucent door.
  6177 | D:7      | Found a runed translucent door.
  6178 | D:7      | Noticed Crazy Yiuf
  6186 | D:7      | Killed Crazy Yiuf
  6274 | D:7      | Noticed Harold
  6300 | D:8      | Noticed Pikel
  6318 | D:7      | Killed Pikel
  6318 | D:7      | Reached skill level 1 in Necromancy
  6396 | D:7      | Htamos: ??long sword
  6396 | D:7      | beem: long sword[1/1]: (long blades; +1 acc / 9 dam / 1.4
                  | base delay / 0.7 min delay). A sword with a long, slashing
                  | blade.
  6632 | D:8      | Found a radiant altar of Vehumet.
  6742 | D:8      | Noticed Maurice
  6751 | D:8      | Killed Maurice
  6751 | D:8      | Reached XP level 10. HP: 94/94 MP: 14/14
  6760 | D:8      | Found a stormy altar of Qazlal.
  7017 | D:8      | Learned a level 1 spell: Pain
  7021 | D:8      | Learned a level 3 spell: Regeneration
  7169 | D:9      | Reached skill level 5 in Fighting
  7331 | D:9      | Reached * piety under Kikubaaqudgha
  7331 | D:9      | Identified Kikubaaqudgha's Reference Book on Evil Arts
                  | (Kikubaaqudgha gifted it to you on level 9 of the Dungeon)
  7331 | D:9      | Received a gift from Kikubaaqudgha
  7415 | D:9      | Reached skill level 5 in Armour
  7485 | D:9      | Found a staircase to the Lair.
  7802 | D:9      | Found a hide-covered altar of Uskayaw.
  7803 | D:9      | Found an ornate altar of the Wu Jian Council.
  8003 | D:10     | Entered Level 10 of the Dungeon
  8038 | D:10     | Noticed Joseph
  8056 | D:10     | Killed Joseph
  8186 | D:10     | Got a bone trident
  8521 | D:10     | Reached ** piety under Kikubaaqudgha
  8765 | D:11     | Found a flagged portal.
  8793 | Bailey   | Entered a bailey
  9034 | Bailey   | Reached XP level 11. HP: 75/105 MP: 16/16
  9117 | Bailey   | Found a burning altar of Makhleb.
 10135 | D:12     | Noticed a red ugly thing
 10137 | D:12     | Noticed a two-headed ogre
 10172 | D:11     | Killed a red ugly thing
 10296 | Lair:1   | Entered Level 1 of the Lair of Beasts
 10299 | Lair:1   | Identified the +6 trident of Overwhelming Force {elec,
                  | Int+4 Dex+5 Stlth+} (You found it on level 10 of the
                  | Dungeon)
 10436 | Lair:1   | Reached *** piety under Kikubaaqudgha
 10436 | Lair:1   | Identified Kikubaaqudgha's Reference Book on Unholy Secrets
                  | (Kikubaaqudgha gifted it to you on level 1 of the Lair of
                  | Beasts)
 10436 | Lair:1   | Received a gift from Kikubaaqudgha
 11183 | Lair:1   | Noticed a five-headed hydra
 11229 | Lair:1   | Killed a five-headed hydra
 11229 | Lair:1   | Reached skill level 5 in Spellcasting
 11707 | Lair:1   | Reached XP level 12. HP: 115/115 MP: 18/18
 12119 | Lair:2   | Reached skill level 5 in Necromancy
 12127 | Lair:2   | Got an ichor-stained robe
 12128 | Lair:2   | Identified the +1 robe of Winter {rF+ rN+} (You found it on
                  | level 2 of the Lair of Beasts)
 12627 | Lair:2   | Reached **** piety under Kikubaaqudgha
 12638 | Lair:2   | Learned a level 5 spell: Dispel Undead
 12676 | Lair:2   | Found a runed translucent gate.
 12679 | Lair:2   | Found a runed translucent gate.
 12679 | Lair:2   | Found a runed translucent gate.
 12864 | Lair:2   | Noticed Gastronok
 13133 | Lair:2   | Identified a scroll of acquirement
 13188 | Lair:2   | Killed Gastronok
 13188 | Lair:2   | Reached skill level 10 in Earth Magic
 13426 | Lair:2   | Noticed Aghio's ghost (journeyman HuAr)
 14139 | Lair:2   | Killed Aghio's ghost
 14139 | Lair:2   | Reached skill level 1 in Shields
 14157 | Lair:2   | Got the ring "Zimau" {Fire}
 14164 | Lair:2   | Identified the ring "Zimau" {Fire MR+ Slay+2} (You found it
                  | on level 2 of the Lair of Beasts)
 15331 | Lair:3   | Found a staircase to the Snake Pit.
 15429 | Lair:3   | Reached XP level 13. HP: 124/126 MP: 20/20
 15820 | Lair:4   | Found a dark tunnel.
 15942 | Volcano  | Entered a volcano
 16008 | Volcano  | Reached ***** piety under Kikubaaqudgha
 16156 | Volcano  | Reached skill level 10 in Unarmed Combat
 16737 | Lair:4   | Learned a level 4 spell: Animate Dead
 16886 | Lair:4   | Got a silken robe
 16982 | Lair:4   | Found a staircase to the Shoals.
 18377 | Lair:5   | Found a viscous altar of Jiyva.
 18377 | Lair:5   | Found a staircase to the Slime Pits.
 18548 | Lair:5   | Got a twisted shield
 18746 | Lair:5   | Found a runed translucent gate.
 18746 | Lair:5   | Found a runed translucent gate.
 18747 | Lair:5   | Found a runed translucent gate.
 18747 | Lair:5   | Noticed PeterQ's ghost (journeyman TrHu)
 19295 | Lair:6   | Entered Level 6 of the Lair of Beasts
 19506 | Lair:6   | Reached XP level 14. HP: 137/137 MP: 22/22
 20733 | Lair:6   | Identified the +5 shield of Filio {rF+ rCorr} (You found it
                  | on level 5 of the Lair of Beasts)
 20838 | Lair:6   | Got a brightly glowing hunting sling
 20963 | Lair:6   | Reached ****** piety under Kikubaaqudgha
 21211 | D:12     | Identified the +3 hunting sling of the Fool {flame, *Slow
                  | rElec rPois rN+} (You found it on level 6 of the Lair of
                  | Beasts)
 21601 | D:12     | Found a staircase to the Orcish Mines.
 21776 | D:12     | Received a gift from Kikubaaqudgha
 22516 | D:13     | Reached skill level 5 in Shields
 22715 | D:13     | Identified the cursed +0 robe of the Cricket {*Drain MR+
                  | rCorr Slay+2} (You found it on level 4 of the Lair of
                  | Beasts)
 22751 | D:13     | Found a shimmering altar of Xom.
 22765 | D:13     | Noticed Nessos
 22775 | D:13     | Killed Nessos
 23440 | D:13     | Noticed Frances
 23448 | D:13     | Killed Frances
 23947 | D:14     | Reached XP level 15. HP: 139/146 MP: 24/24
 23997 | D:14     | Learned a level 5 spell: Borgnjor's Vile Clutch
 24157 | D:14     | Found a gate to the Vaults.
 24253 | D:14     | Got a heavily runed diamond amulet
 24254 | D:14     | Identified the amulet "Vesiops" {RegenMP rC+ rN+ Int+4
                  | Dex-4} (You found it on level 14 of the Dungeon)
 24650 | D:15     | Entered Level 15 of the Dungeon
 24664 | D:15     | Noticed Agnes
 24723 | D:15     | Killed Agnes
 25123 | D:15     | Noticed a fire giant
 25127 | D:15     | Found a staircase to the Depths.
 25410 | D:15     | Noticed Kirke
 25426 | D:15     | Killed Kirke
 25478 | D:15     | Killed a fire giant
 26152 | Orc:1    | Entered Level 1 of the Orcish Mines
 26692 | Orc:2    | Entered Level 2 of the Orcish Mines
 27341 | Orc:2    | Noticed Jorgrun
 27365 | Orc:2    | Killed Jorgrun
 27711 | Orc:2    | Found Momet's Food Emporium.
 27711 | Orc:2    | Found Exaixto's Gadget Shop.
 27712 | Orc:2    | Found Seawa's Magic Scroll Shop.
 27712 | Orc:2    | Found Wuisi's Weapon Shoppe.
 27720 | Orc:2    | Bought a scroll of acquirement for 728 gold pieces
 27879 | Orc:2    | Found a staircase to the Elven Halls.
 28036 | Orc:1    | Found Zegreergh's Jewellery Boutique.
 28110 | Orc:1    | Bought the ring "Pizax" {Ice Int+8 Dex+2} for 742 gold
                  | pieces
 28110 | Orc:1    | Bought the amulet "Caytt" {Regen+ Int+4} for 635 gold
                  | pieces
 28224 | Elf:1    | Entered Level 1 of the Elven Halls
 28295 | Elf:1    | Reached XP level 16. HP: 94/158 MP: 4/26
 28528 | Elf:1    | Reached skill level 10 in Fighting
 29019 | Elf:1    | Reached skill level 10 in Armour
 29024 | Elf:1    | HP: 2/158 [deep elf knight/stone arrow (38)]
 29275 | Elf:1    | Found Qoluluth's Antique Armour Shop.
 29520 | Elf:1    | Found a runed translucent gate.
 29520 | Elf:1    | Found a runed translucent gate.
 29520 | Elf:1    | Found a runed translucent gate.
 29520 | Elf:1    | Found a runed translucent gate.
 29520 | Elf:1    | Found a runed translucent gate.
 29536 | Elf:1    | Found a runed translucent gate.
 29537 | Elf:1    | Noticed a storm dragon
 29537 | Elf:1    | Noticed a shadow dragon
 30288 | Snake:1  | Entered Level 1 of the Snake Pit
 30516 | Snake:1  | Found a glowing golden altar of the Shining One.
 30736 | Snake:1  | Found Oneep's Assorted Antiques.
 30753 | Snake:1  | Reached skill level 10 in Necromancy
 30753 | Snake:1  | Reached XP level 17. HP: 166/166 MP: 27/27
 31945 | Snake:2  | Found a transporter.
 31953 | Snake:2  | Found a frozen archway.
 31991 | IceCv    | Entered an ice cave
 32166 | IceCv    | Got a bloodstained hat
 32167 | IceCv    | Identified the -2 hat of Resourcefulness {rC+} (You found
                  | it in an ice cave)
 32313 | IceCv    | Noticed an Ice Fiend
 32314 | IceCv    | Noticed an Ice Fiend
 32521 | IceCv    | Killed an Ice Fiend
 32644 | IceCv    | Killed an Ice Fiend
 32884 | Snake:2  | You fall into a shaft and drop 1 floor!
 32951 | Snake:2  | Noticed Donald
 33034 | Snake:2  | Found a transporter.
 33180 | Snake:2  | Found a transporter.
 33211 | Snake:2  | Killed Donald
 33461 | Snake:2  | Found a transporter.
 33462 | Snake:2  | Found a transporter.
 33470 | Snake:2  | Noticed Vashnia
 33471 | Snake:2  | Found Liush's Distillery.
 33847 | Snake:2  | Killed Vashnia
 33930 | Snake:2  | Bought a potion of heal wounds for 75 gold pieces
 34209 | Snake:3  | Noticed Bai Suzhen
 34451 | Snake:3  | Noticed Azrael
 34467 | Snake:3  | Reached XP level 18. HP: 133/176 MP: 15/29
 34490 | Snake:3  | Killed Azrael
 34798 | Snake:2  | Killed Bai Suzhen
 35118 | Snake:3  | Reached skill level 15 in Unarmed Combat
 35833 | Snake:4  | Entered Level 4 of the Snake Pit
 37002 | Snake:4  | Noticed Aizul
 37013 | Snake:4  | Killed Aizul
 37743 | Snake:4  | Got a serpentine rune of Zot
 38465 | Vaults:1 | Entered Level 1 of the Vaults
 39062 | Vaults:1 | Reached XP level 19. HP: 182/187 MP: 24/30
 40285 | Vaults:2 | Found a flickering gateway to a bazaar.
 40312 | Bazaar   | Entered a bazaar
 40421 | Bazaar   | Found Gudoenil's Book Boutique.
 40421 | Bazaar   | Found Qeykuito's Book Shop.
 40480 | Bazaar   | Found Geahic's Weapon Boutique.
 40480 | Bazaar   | Found Deetsec's Antique Weapon Shop.
 40498 | Bazaar   | Bought a dazzling short sword for 128 gold pieces
 40501 | Bazaar   | Identified the +7 short sword "Fytreeci" {drain, rPois rN+
                  | Int-5} (You bought it in a shop in a bazaar)
 40536 | Bazaar   | Bought the Guide on the Rocks for 728 gold pieces
 40538 | Bazaar   | Bought a Fen Folio for 825 gold pieces
 40670 | Vaults:2 | Reached skill level 1 in Conjurations
 40841 | Vaults:2 | Noticed Boris
 40869 | Vaults:2 | Killed Boris
 41029 | Vaults:2 | Noticed Asterion
 41216 | Vaults:2 | Killed Asterion
 41899 | Vaults:2 | Noticed a bone dragon
 41901 | Vaults:2 | Found a staircase to the Crypt.
 41914 | Vaults:2 | Killed a bone dragon
 42247 | Vaults:2 | Noticed Margery
 42258 | Vaults:2 | Killed Margery
 42258 | Vaults:2 | Reached XP level 20. HP: 127/200 MP: 15/31
 42475 | Vaults:2 | Found a snail-covered altar of Cheibriados.
 43073 | Vaults:3 | Noticed Frederick
 43085 | Vaults:3 | Killed Frederick
 45155 | Vaults:4 | Reached skill level 5 in Conjurations
 45523 | Vaults:4 | Found Duygoy's Food Shop.
 45532 | Vaults:4 | Bought a ration for 70 gold pieces
 45532 | Vaults:4 | Bought a ration for 70 gold pieces
 45532 | Vaults:4 | Bought a ration for 70 gold pieces
 45532 | Vaults:4 | Bought a ration for 70 gold pieces
 45532 | Vaults:4 | Bought a ration for 70 gold pieces
 45532 | Vaults:4 | Bought a ration for 70 gold pieces
 45532 | Vaults:4 | Bought a ration for 70 gold pieces
 45532 | Vaults:4 | Bought a ration for 70 gold pieces
 45629 | Vaults:4 | Reached skill level 15 in Earth Magic
 45703 | Vaults:4 | Found a hide-covered altar of Uskayaw.
 46034 | Elf:2    | Found Nucruischo's Jewellery Emporium.
 46351 | Elf:2    | Found a runed translucent gate.
 46351 | Elf:2    | Found a runed translucent gate.
 46368 | Elf:2    | Found a runed translucent gate.
 47000 | Elf:3    | Entered Level 3 of the Elven Halls
 47042 | Elf:3    | Reached XP level 21. HP: 210/210 MP: 26/32
 48258 | Elf:3    | Identified the +3 leather armour of Indecent Exposure
                  | {rF++}
 48754 | Elf:3    | Found a portal to a secret trove of treasure.
 48902 | Elf:3    | Identified the +10 trident "Umeisch" {protect, Dex+3 SInv}
 49046 | Elf:3    | Identified Ximagot's Compendium of Frigorific Augmentations
 49296 | Elf:2    | Htamos: hey :)
 49554 | Shoals:1 | Entered Level 1 of the Shoals
 50852 | Shoals:2 | Noticed Polyphemus
 50855 | Shoals:2 | Htamos: @??polyphemus
 50855 | Shoals:2 | beem: Polyphemus (C)
                  | Spd:
    10 | HD: 16   | HP: 129-174
                  | | AC/EV: 10/3
                  | Dam: 45, 30
                  | items, doors
                  | Res: magic(60),
                  | drown
                  | XP: 2302
                  | Sp: throw ally [!AM, !sil]
                  | Sz: Giant
                  | | Int: human.
 50855 | Shoals:2 | Thantalas: hey(:
 50864 | Shoals:2 | Killed Polyphemus
 51098 | Shoals:2 | Found a runed translucent door.
 51454 | Shoals:3 | Got a smoking hat
 51724 | Shoals:3 | Identified the +1 hat "Murremee" {rF++ Int-2} (You found it
                  | on level 3 of the Shoals)
 52013 | Shoals:3 | Got a pitted mace
 52138 | Shoals:3 | Found the +1 cloak of Starlight {rElec rC+ EV+4 Stlth--}
 52186 | Shoals:4 | Entered Level 4 of the Shoals
 52908 | Shoals:4 | Got a bound brass ring
 52909 | Shoals:4 | Identified the ring "Jots" {Wiz Dex+4} (You found it on
                  | level 4 of the Shoals)
 52919 | Shoals:4 | Learned a level 8 spell: Necromutation
 54071 | Shoals:4 | Reached XP level 22. HP: 122/222 MP: 25/33
 54544 | Shoals:4 | Got a barnacled rune of Zot
 54925 | Slime:1  | Entered Level 1 of the Pits of Slime
 55206 | Slime:1  | Gained mutation: Your magical capacity is low. (-10% MP) [a
                  | shining eye]
 55951 | Slime:2  | Gained mutation: You are frail. (-10% HP) [a shining eye]
 55961 | Slime:2  | Gained mutation: You occasionally shout uncontrollably at
                  | your foes. [a shining eye]
 55963 | Slime:2  | Gained mutation: Scrolls take you a little longer to read.
                  | [a shining eye]
 55965 | Slime:2  | Gained mutation: You are weak. (Str -2) [a shining eye]
 56587 | Lair:5   | Learned a level 6 spell: Iron Shot
 56849 | Elf:2    | Bought the ring of Sievaro {Wiz rElec Dex+3} for 855 gold
                  | pieces
 57114 | Crypt:1  | Entered Level 1 of the Crypt
 58179 | Crypt:1  | Noticed Mennas
 59110 | Crypt:1  | Lost mutation: Scrolls take you a little longer to read.
                  | [potion of mutation]
 59110 | Crypt:1  | Lost mutation: You are weak. (Str -2) [potion of mutation]
 59110 | Crypt:1  | Lost mutation: You occasionally shout uncontrollably at
                  | your foes. [potion of mutation]
 59110 | Crypt:1  | Lost mutation: Your magical capacity is low. (-10% MP)
                  | [potion of mutation]
 59110 | Crypt:1  | Gained mutation: Your spells are a little harder to cast,
                  | but a little more powerful. [potion of mutation]
 59110 | Crypt:1  | Gained mutation: You have a somewhat thin skeletal
                  | structure. (Dex +2, Stealth) [potion of mutation]
 59110 | Crypt:1  | Gained mutation: You possess an exceptional clarity of
                  | mind. [potion of mutation]
 59110 | Crypt:1  | Gained mutation: You have supernaturally acute eyesight.
                  | (SInv) [potion of mutation]
 59188 | Crypt:1  | Noticed Boris
 59193 | Crypt:1  | Killed Boris
 60320 | Vaults:5 | Entered Level 5 of the Vaults
 60324 | Vaults:5 | Noticed an ancient lich
 61330 | Vaults:4 | Reached skill level 10 in Shields
 61749 | Vaults:5 | Got a translucent scimitar
 61770 | Vaults:5 | Reached XP level 23. HP: 208/208 MP: 34/34
 61838 | Vaults:5 | Identified the cursed +0 chain mail of the Little Devil
                  | {rElec rC+ Dex+3}
 61851 | Vaults:5 | Found Feviculo's Distillery.
 61858 | Vaults:5 | Identified the +12 plate armour "Gyen" {SInv Stlth+}
 62069 | Vaults:5 | Bought 2 potions of curing for 84 gold pieces
 62069 | Vaults:5 | Bought a potion of curing for 42 gold pieces
 62069 | Vaults:5 | Bought a potion of curing for 42 gold pieces
 62069 | Vaults:5 | Bought a potion of curing for 42 gold pieces
 62069 | Vaults:5 | Bought a potion of curing for 42 gold pieces
 62069 | Vaults:5 | Bought a potion of curing for 42 gold pieces
 62069 | Vaults:5 | Bought a potion of curing for 42 gold pieces
 62131 | Vaults:5 | Killed an ancient lich
 63107 | Vaults:5 | Identified the Disquisition on Fiery Moulding
 64120 | Vaults:5 | Found Zuniogg's Magic Scroll Boutique.
 64120 | Vaults:5 | Found Qehukkeb's Distillery.
 64125 | Vaults:5 | Found Moeh's Magic Scroll Emporium.
 64158 | Vaults:5 | Found Jeanim Tumo's Magic Scroll Shop.
 64169 | Vaults:5 | Found Guzeg's Distillery.
 64169 | Vaults:5 | Found Mymm's Magic Scroll Emporium.
 64180 | Vaults:5 | Got a silver rune of Zot
 64205 | Vaults:5 | Found Pipis's Food Shoppe.
 64205 | Vaults:5 | Found Ewnofur's Magic Scroll Boutique.
 64216 | Vaults:5 | Bought a scroll of enchant armour for 112 gold pieces
 64351 | Vaults:5 | Got a sparkling bone ring
 64352 | Vaults:5 | Identified the ring "Jeire" {MR+ Str+3 SInv} (You found it
                  | on level 5 of the Vaults)
 64493 | Vaults:5 | Noticed an ancient lich
 64500 | Vaults:5 | Killed an ancient lich
 64776 | Depths:1 | Entered Level 1 of the Depths
 64936 | Depths:1 | Found a gateway to Hell.
 64963 | Depths:1 | Reached skill level 15 in Fighting
 65011 | Depths:1 | Reached skill level 15 in Armour
 65142 | Depths:1 | Found a gateway to a ziggurat.
 65664 | Depths:1 | Noticed Boris
 65696 | Depths:1 | Killed Boris
 65700 | Depths:1 | Reached XP level 24. HP: 170/219 MP: 5/34
 66349 | Depths:2 | Noticed the Enchantress
 66432 | Depths:1 | Killed the Enchantress
 67580 | Depths:2 | Identified the ring "Loeclai" {rPois Int+3}
 67680 | Depths:2 | Found a runed translucent door.
 68168 | Depths:2 | Identified the cursed +1 mace "Hiucoc" {pain, rPois Stlth+}
 68342 | Depths:2 | Noticed Mara
 68353 | Depths:2 | Killed Mara
 68742 | Depths:2 | Got polished quicksilver dragon scales
 68748 | Depths:2 | Identified the quicksilver dragon scales of the Leaf
                  | {+Blink rC+ MR+ Int-3} (You acquired it on level 2 of the
                  | Depths)
 69251 | Depths:2 | Found a one-way gate leading to the halls of Pandemonium.
 70319 | Depths:3 | Reached XP level 25. HP: 198/228 MP: 21/34
 71125 | Depths:3 | Identified the +8 broad axe of the Shore {freeze, rF+}
 71126 | Depths:3 | Identified the amulet "Wabaliwn" {Faith rPois Str-4 Slay+3}
 71145 | Depths:3 | Found the +5 scythe "Finisher" {speed, eviscerate}
 71870 | Depths:3 | Found a one-way gate to the infinite horrors of the Abyss.
 73480 | Depths:4 | Got a colourful robe
 73481 | Depths:4 | Identified the cursed +0 robe "Udit" {Regen+} (You found it
                  | on level 4 of the Depths)
 73486 | Depths:4 | Got an ebony battleaxe
 73487 | Depths:4 | Identified the +7 battleaxe of Piquruiq {chop, Fragile rN+
                  | Str+2} (You found it on level 4 of the Depths)
 73924 | Depths:5 | Entered Level 5 of the Depths
 75168 | Depths:4 | Identified the ring "Muskuts" {rN+ Str+4}
 75860 | Depths:5 | Reached XP level 26. HP: 210/239 MP: 21/34
 76011 | Depths:5 | Noticed Sojobo
 76030 | Depths:5 | Killed Sojobo
 76098 | Depths:5 | Paralysed by a floating eye for 2 turns
 76121 | Depths:5 | Paralysed by a floating eye for 2 turns
 76794 | Depths:5 | Found a gate to the Realm of Zot.
 76988 | Depths:5 | Noticed Louise
 76999 | Depths:5 | Killed Louise
 77769 | Elf:3    | You paid a toll of 16 potions of curing to enter a treasure
                  | trove
 77770 | Trove    | Entered a treasure trove
 77797 | Trove    | Got a translucent hat
 77799 | Trove    | Got a ripped robe
 77800 | Trove    | Identified the +0 hat of the Butterfly {rF+ rCorr SInv}
                  | (You found it in a treasure trove)
 77801 | Trove    | Identified the +1 robe of Pevach {rElec MP+9 Dex+3} (You
                  | found it in a treasure trove)
 77829 | Trove    | Got a twitching lapis lazuli ring
 77832 | Trove    | Identified the ring of Kyzapn {EV+4 SInv} (You found it in
                  | a treasure trove)
 78323 | Depths:3 | Voluntarily entered the Abyss.
 78328 | Abyss:1  | Found a corrupted altar of Lugonu.
 78396 | Abyss:2  | Found a corrupted altar of Lugonu.
 78635 | Abyss:2  | Learned a level 2 spell: Sublimation of Blood
 78639 | Abyss:2  | Reached skill level 1 in Transmutations
 78670 | Depths:3 | Escaped the Abyss
 78683 | Depths:3 | Voluntarily entered the Abyss.
 78830 | Abyss:1  | Found a corrupted altar of Lugonu.
 78858 | Abyss:1  | Found a corrupted altar of Lugonu.
 79144 | Depths:3 | Escaped the Abyss
 79157 | Depths:3 | Voluntarily entered the Abyss.
 79438 | Abyss:1  | Reached skill level 15 in Necromancy
 79624 | Depths:3 | Escaped the Abyss
 79625 | Depths:3 | Reached XP level 27. HP: 192/192 MP: 34/34
 79636 | Depths:3 | Voluntarily entered the Abyss.
 79754 | Abyss:1  | Gained mutation: Your body sometimes deteriorates upon
                  | taking damage. [a neqoxec]
 80188 | Abyss:1  | Got an ebony flail
 80189 | Abyss:1  | Identified the +5 flail of Bloody Death {freeze, *Corrode
                  | Str+2 Int+4 SInv} (You found it on level 1 of the Abyss)
 80296 | Abyss:1  | Gained mutation: You are weak. (Str -2) [a neqoxec]
 80403 | Depths:3 | Escaped the Abyss
 80453 | Depths:3 | Voluntarily entered the Abyss.
 80772 | Depths:3 | Escaped the Abyss
 80775 | Depths:3 | Voluntarily entered the Abyss.
 80851 | Abyss:1  | Lost mutation: Your spells are a little harder to cast, but
                  | a little more powerful. [a neqoxec]
 80919 | Depths:3 | Escaped the Abyss
 80921 | Depths:3 | Voluntarily entered the Abyss.
 81566 | Depths:3 | Escaped the Abyss
 81572 | Depths:3 | Voluntarily entered the Abyss.
 82004 | Abyss:1  | Paralysed by you for 5 turns
 82107 | Depths:3 | Escaped the Abyss
 82119 | Depths:3 | Voluntarily entered the Abyss.
 82236 | Abyss:1  | Reached skill level 5 in Transmutations
 82659 | Depths:3 | Escaped the Abyss
 82725 | Depths:3 | Voluntarily entered the Abyss.
 82727 | Abyss:1  | Found a corrupted altar of Lugonu.
 83206 | Abyss:1  | Lost mutation: You have supernaturally acute eyesight.
                  | (SInv) [a neqoxec]
 83333 | Depths:3 | Escaped the Abyss
 83444 | Depths:3 | Voluntarily entered the Abyss.
 83444 | Zot:1    | Entered Level 1 of the Realm of Zot
 83466 | Abyss:1  | Got a transparent robe
 83467 | Abyss:1  | Identified the +2 robe "Imnuv" {rElec Int+4} (You found it
                  | on level 1 of the Abyss)
 83601 | Abyss:1  | Gained mutation: Your magical capacity is low. (-10% MP) [a
                  | neqoxec]
 83774 | Abyss:1  | Gained mutation: You are partially covered in thin metallic
                  | scales. (AC +2) [a neqoxec]
 83990 | Abyss:1  | Gained mutation: You are dopey. (Int -2) [a neqoxec]
 84051 | Abyss:2  | Found a corrupted altar of Lugonu.
 84373 | Depths:3 | Escaped the Abyss
 84414 | Depths:3 | Voluntarily entered the Abyss.
 85013 | Abyss:1  | Found a corrupted altar of Lugonu.
 85304 | Depths:3 | Escaped the Abyss
 85366 | Depths:3 | Voluntarily entered the Abyss.
 85399 | Abyss:1  | Found a corrupted altar of Lugonu.
 85459 | Depths:3 | Escaped the Abyss
 85461 | Depths:3 | Voluntarily entered the Abyss.
 85667 | Abyss:1  | Found a shimmering blue altar of Sif Muna.
 85964 | Depths:3 | Escaped the Abyss
 85966 | Depths:3 | Voluntarily entered the Abyss.
 86272 | Depths:3 | Escaped the Abyss
 86274 | Depths:3 | Voluntarily entered the Abyss.
 86873 | Depths:3 | Escaped the Abyss
 86906 | Depths:3 | Voluntarily entered the Abyss.
 86913 | Abyss:1  | Found a corrupted altar of Lugonu.
 86936 | Abyss:1  | Found a corrupted altar of Lugonu.
 86972 | Abyss:1  | Noticed an ancient lich
 86976 | Abyss:1  | Killed an ancient lich
 86977 | Abyss:1  | Found a corrupted altar of Lugonu.
 87411 | Abyss:3  | Found a corrupted altar of Lugonu.
 87437 | Abyss:3  | Found a corrupted altar of Lugonu.
 87453 | Abyss:4  | Found a corrupted altar of Lugonu.
 88188 | Abyss:5  | Entered Level 5 of the Abyss
 88188 | Abyss:5  | Entered Level 5 of the Abyss
 88332 | Abyss:5  | Reached skill level 10 in Transmutations
 88340 | Depths:3 | Escaped the Abyss
 88474 | Depths:3 | Voluntarily entered the Abyss.
 88508 | Abyss:1  | Noticed an ancient lich
 88517 | Abyss:1  | Killed an ancient lich
 88636 | Depths:3 | Escaped the Abyss
 88850 | Depths:3 | Voluntarily entered the Abyss.
 89386 | Depths:3 | Escaped the Abyss
 89388 | Depths:3 | Voluntarily entered the Abyss.
 89392 | Abyss:1  | Found an opulent altar of Gozag.
 89398 | Abyss:1  | Found an opulent altar of Gozag.
 89403 | Depths:3 | Escaped the Abyss
 89405 | Depths:3 | Voluntarily entered the Abyss.
 89412 | Abyss:1  | Found a corrupted altar of Lugonu.
 89672 | Abyss:2  | Found a blossoming altar of Fedhas.
 89931 | Depths:3 | Escaped the Abyss
 89933 | Depths:3 | Voluntarily entered the Abyss.
 90475 | Depths:3 | Escaped the Abyss
 90478 | Depths:3 | Voluntarily entered the Abyss.
 91198 | Abyss:1  | Lost mutation: You are frail. (-10% HP) [potion of
                  | mutation]
 91198 | Abyss:1  | Lost mutation: You are weak. (Str -2) [potion of mutation]
 91198 | Abyss:1  | Lost mutation: Your body sometimes deteriorates upon taking
                  | damage. [potion of mutation]
 91198 | Abyss:1  | Lost mutation: You possess an exceptional clarity of mind.
                  | [potion of mutation]
 91198 | Abyss:1  | Gained mutation: You evolve. [potion of mutation]
 91198 | Abyss:1  | Gained mutation: You possess an exceptional clarity of
                  | mind. [potion of mutation]
 91291 | Depths:3 | Escaped the Abyss
 91317 | Depths:3 | Voluntarily entered the Abyss.
 91708 | Depths:3 | Escaped the Abyss
 91723 | Depths:3 | Voluntarily entered the Abyss.
 91730 | Abyss:1  | Found a corrupted altar of Lugonu.
 91747 | Abyss:1  | Found a corrupted altar of Lugonu.
 92229 | Abyss:1  | Gained mutation: You have a pair of small horns on your
                  | head. [evolution]
 92440 | Abyss:1  | Paralysed by accursed screaming for 2 turns
 92781 | Abyss:3  | Paralysed by accursed screaming for 1 turns
 92891 | Abyss:3  | Got an abyssal rune of Zot
 93213 | Depths:3 | Escaped the Abyss
 93216 | Depths:3 | Voluntarily entered the Abyss.
 93216 | Crypt:3  | Entered Level 3 of the Crypt
 93347 | Abyss:1  | Reached skill level 15 in Transmutations
 93689 | Depths:3 | Escaped the Abyss
 93691 | Depths:3 | Voluntarily entered the Abyss.
 94291 | Abyss:2  | Found a corrupted altar of Lugonu.
 94295 | Depths:3 | Escaped the Abyss
 94399 | Depths:3 | Voluntarily entered the Abyss.
 94456 | Abyss:1  | Found a corrupted altar of Lugonu.
 94896 | Abyss:1  | Gained mutation: You are frail. (-10% HP) [a neqoxec]
 94936 | Depths:3 | Escaped the Abyss
 94938 | Depths:3 | Voluntarily entered the Abyss.
 94938 | Zot:5    | Entered Level 5 of the Realm of Zot
 95023 | Depths:3 | Escaped the Abyss
 95025 | Depths:3 | Voluntarily entered the Abyss.
 95056 | Depths:3 | Escaped the Abyss
 95058 | Depths:3 | Voluntarily entered the Abyss.
 95121 | Depths:3 | Escaped the Abyss
 95123 | Depths:3 | Voluntarily entered the Abyss.
 95336 | Depths:3 | Escaped the Abyss
 95340 | Depths:3 | Voluntarily entered the Abyss.
 95381 | Abyss:1  | Found a corrupted altar of Lugonu.
 95393 | Depths:3 | Escaped the Abyss
 95395 | Depths:3 | Voluntarily entered the Abyss.
 95540 | Depths:3 | Escaped the Abyss
 95542 | Depths:3 | Voluntarily entered the Abyss.
 95580 | Depths:3 | Escaped the Abyss
 95582 | Depths:3 | Voluntarily entered the Abyss.
 95785 | Depths:3 | Escaped the Abyss
 95787 | Depths:3 | Voluntarily entered the Abyss.
 95921 | Depths:3 | Escaped the Abyss
 95923 | Depths:3 | Voluntarily entered the Abyss.
 96353 | Abyss:1  | Gained mutation: Your magical capacity is very low. (-20%
                  | MP) [a neqoxec]
 96373 | Depths:3 | Escaped the Abyss
 96391 | Depths:3 | Voluntarily entered the Abyss.
 96887 | Depths:3 | Escaped the Abyss
 97002 | Depths:3 | Voluntarily entered the Abyss.
 97052 | Abyss:1  | Lost mutation: You possess an exceptional clarity of mind.
                  | [a neqoxec]
 97487 | Abyss:1  | Lost mutation: You are extremely frail. (-30% HP)
                  | [evolution]
 97504 | Depths:3 | Escaped the Abyss
 97506 | Depths:3 | Voluntarily entered the Abyss.
 97525 | Abyss:1  | Found a corrupted altar of Lugonu.
 97581 | Depths:3 | Escaped the Abyss
 97583 | Depths:3 | Voluntarily entered the Abyss.
 98257 | Depths:3 | Escaped the Abyss
 98259 | Depths:3 | Voluntarily entered the Abyss.
 98310 | Depths:3 | Escaped the Abyss
 98312 | Depths:3 | Voluntarily entered the Abyss.
 98420 | Depths:3 | Escaped the Abyss
 98422 | Depths:3 | Voluntarily entered the Abyss.
 99201 | Depths:3 | Escaped the Abyss
100825 | Crypt:3  | Entered Level 3 of the Crypt
101026 | Crypt:3  | Found a staircase to the Tomb.
101883 | Crypt:3  | Noticed Boris
101898 | Crypt:3  | Killed Boris
102100 | Crypt:3  | Noticed a greater mummy
102105 | Crypt:3  | Killed a greater mummy
102703 | Crypt:3  | Upgraded the game from 0.24-a0-616-ge2a249a6fd to
                  | 0.24-a0-618-ge4662a2d14
103032 | Hell     | Entered the Vestibule of Hell
103032 | Hell     | Noticed Geryon
103363 | Hell     | Found a gateway to the freezing wastes of Cocytus.
103970 | Depths:1 | Gained mutation: Your body sometimes deteriorates upon
                  | taking damage. [mutagenic glow]
103996 | Depths:1 | Lost mutation: Your body sometimes deteriorates upon taking
                  | damage. [potion of mutation]
103996 | Depths:1 | Lost mutation: Your magical capacity is very low. (-20% MP)
                  | [potion of mutation]
103996 | Depths:1 | Lost mutation: You evolve. [potion of mutation]
103996 | Depths:1 | Lost mutation: You have a pair of small horns on your head.
                  | [potion of mutation]
103996 | Depths:1 | Gained mutation: You are mostly covered in thin metallic
                  | scales. (AC +3) [potion of mutation]
104292 | Hell     | Killed Geryon
105362 | Hell     | Found a gateway to the ashen valley of Gehenna.
105400 | Hell     | Found a gateway to the decaying netherworld of Tartarus.
105501 | Hell     | Found a gateway to the Iron City of Dis.
105658 | Dis:1    | Entered Level 1 of the Iron City of Dis
105810 | Depths:4 | Voluntarily entered the Abyss.
105830 | Abyss:1  | Found a corrupted altar of Lugonu.
105850 | Depths:4 | Escaped the Abyss
105861 | Depths:4 | Voluntarily entered the Abyss.
105962 | Abyss:1  | Found a corrupted altar of Lugonu.
106055 | Depths:4 | Escaped the Abyss
106057 | Depths:4 | Voluntarily entered the Abyss.
106089 | Depths:4 | Escaped the Abyss
106091 | Depths:4 | Voluntarily entered the Abyss.
106105 | Depths:4 | Escaped the Abyss
106107 | Depths:4 | Voluntarily entered the Abyss.
106360 | Abyss:1  | Found a shimmering blue altar of Sif Muna.
106370 | Depths:4 | Escaped the Abyss
106372 | Depths:4 | Voluntarily entered the Abyss.
106447 | Depths:4 | Escaped the Abyss
106449 | Depths:4 | Voluntarily entered the Abyss.
106621 | Depths:4 | Escaped the Abyss
106623 | Depths:4 | Voluntarily entered the Abyss.
106697 | Depths:4 | Escaped the Abyss
106699 | Depths:4 | Voluntarily entered the Abyss.
106711 | Depths:4 | Escaped the Abyss
106713 | Depths:4 | Voluntarily entered the Abyss.
107000 | Depths:4 | Escaped the Abyss
107167 | Depths:4 | Voluntarily entered the Abyss.
107319 | Abyss:1  | Found a bloodstained altar of Trog.
107455 | Abyss:1  | Gained mutation: You are weak. (Str -2) [a cacodemon]
107458 | Abyss:1  | Gained mutation: Armour fits poorly on your strangely
                  | shaped body. [a cacodemon]
107526 | Depths:4 | Escaped the Abyss
107528 | Depths:4 | Voluntarily entered the Abyss.
107727 | Depths:4 | Escaped the Abyss
107834 | Depths:4 | Voluntarily entered the Abyss.
107834 | Abyss:1  | Found a corrupted altar of Lugonu.
107863 | Depths:4 | Escaped the Abyss
107865 | Depths:4 | Voluntarily entered the Abyss.
107867 | Abyss:1  | Found a corrupted altar of Lugonu.
108113 | Depths:4 | Escaped the Abyss
108115 | Depths:4 | Voluntarily entered the Abyss.
108282 | Abyss:1  | Gained mutation: Scrolls take you a little longer to read.
                  | [a neqoxec]
108379 | Depths:4 | Escaped the Abyss
108388 | Depths:4 | Voluntarily entered the Abyss.
108490 | Depths:4 | Escaped the Abyss
108494 | Depths:4 | Voluntarily entered the Abyss.
108686 | Abyss:2  | Found a corrupted altar of Lugonu.
108824 | Abyss:3  | Found a corrupted altar of Lugonu.
108946 | Abyss:3  | Found a runed translucent door.
109173 | Abyss:4  | Paralysed by accursed screaming for 1 turns
109384 | Tar:1    | Entered Level 1 of Tartarus
109384 | Abyss:5  | Entered Level 5 of the Abyss
109384 | Abyss:5  | Entered Level 5 of the Abyss
109585 | Depths:4 | Escaped the Abyss
109674 | Depths:4 | Lost mutation: Your magical capacity is low. (-10% MP)
                  | [potion of mutation]
109674 | Depths:4 | Lost mutation: Scrolls take you a little longer to read.
                  | [potion of mutation]
109674 | Depths:4 | Lost mutation: Armour fits poorly on your strangely shaped
                  | body. [potion of mutation]
109674 | Depths:4 | Gained mutation: You are very weak. (Str -4) [potion of
                  | mutation]
109674 | Depths:4 | Gained mutation: You have sharp toenails. [potion of
                  | mutation]
109674 | Depths:4 | Gained mutation: You expend magic power (3 MP) to
                  | strengthen your wands. [potion of mutation]
109938 | Dis:1    | Htamos: hey :)
110010 | Dis:1    | Gebura: hey
110094 | Dis:1    | Gebura: where your EV?
110094 | Dis:1    | Htamos: Troll EV
110095 | Dis:1    | Htamos: i could train it a bit
110117 | Dis:1    | Gebura: ~15 EV easy
114454 | Dis:4    | Reached skill level 5 in Dodging
119388 | Tar:1    | Entered Level 1 of Tartarus
121247 | Tar:1    | Reached skill level 15 in Shields
124530 | Tar:3    | Reached skill level 10 in Dodging
125327 | Tar:3    | Cast into level 2 of the Abyss (reaper)
125752 | Tar:3    | Escaped the Abyss
131331 | Tar:6    | Reached skill level 10 in Spellcasting
132482 | Hell     | Learned a level 9 spell: Shatter
132525 | Geh:1    | Entered Level 1 of Gehenna
135782 | Geh:3    | You fall into a shaft and drop 3 floors!
135791 | Geh:6    | :)
142351 | Geh:6    | Learned a level 3 spell: Teleport Other
142361 | Geh:7    | Entered Level 7 of Gehenna
142872 | Geh:7    | Cast into level 3 of the Abyss (hell knight)
143249 | Abyss:4  | Noticed an ancient lich
143251 | Abyss:4  | Killed an ancient lich
143253 | Geh:7    | Escaped the Abyss
143567 | Geh:7    | Identified the +7 sceptre of Asmodeus
143567 | Geh:7    | Noticed Asmodeus
144099 | Geh:7    | Found the +3 warlock's mirror {reflect}
144121 | Geh:7    | Identified Kikubaaqudgha's Disquisition on Unholy Arts
144447 | Geh:7    | Paralysed by an eldritch tentacle for 7 turns
144510 | Geh:7    | Got an obsidian rune of Zot
145311 | Vaults:5 | Bought a scroll of blinking for 112 gold pieces
145322 | Vaults:5 | Bought a scroll of enchant armour for 150 gold pieces
145338 | Vaults:5 | Bought a scroll of enchant armour for 172 gold pieces
145658 | Dis:1    | Gained mutation: You tend to lose your temper in combat.
                  | [mutagenic glow]
145659 | Dis:1    | Lost mutation: You are very weak. (Str -4) [potion of
                  | mutation]
145659 | Dis:1    | Lost mutation: You are dopey. (Int -2) [potion of mutation]
145659 | Dis:1    | Lost mutation: You are weak. (Str -2) [potion of mutation]
145659 | Dis:1    | Lost mutation: You tend to lose your temper in combat.
                  | [potion of mutation]
145659 | Dis:1    | Gained mutation: Your flesh is heat resistant. (rF+)
                  | [potion of mutation]
145803 | Dis:7    | Entered Level 7 of the Iron City of Dis
147221 | Dis:7    | Htamos: @??hell sentinel
147221 | Dis:7    | beem: Hell Sentinel (1)
                  | Spd:
    10 | HD: 19   | HP: 114-168
                  | | AC/EV: 25/3 (spiny 5d4)
                  | Dam: 40, 25
                  | demonic, doors,
                  | evil, see invisible
                  | Res: magic(immune), fire+++,
                  | damnation, cold+++, elec+++, poison+++, rot, neg+++, torm
                  | | Vul: holy
                  | XP: 2901
                  | Sp: hurl damnation (3d20) [!sil],
                  | iron shot (3d33) [!sil]
                  | Sz: Large
                  | Int: human.
148051 | Dis:7    | Identified the Grimoire of the Burning Voyage
148204 | Dis:7    | Found the +8 trident of the Octopus King {venom, rElec
                  | rPois MR+}
148416 | Dis:7    | Got an iron rune of Zot
148795 | Tomb:1   | Entered Level 1 of the Tomb of the Ancients
148807 | Tomb:1   | Reached skill level 1 in Translocations
148843 | Tomb:1   | Noticed Jory
148854 | Tomb:1   | Killed Jory
149340 | Tomb:1   | Noticed a greater mummy
149343 | Tomb:1   | Noticed a greater mummy
149344 | Tomb:1   | Noticed a greater mummy
149348 | Tomb:1   | Killed a greater mummy
149349 | Tomb:1   | Noticed a greater mummy
149460 | Tomb:1   | Killed a greater mummy
149536 | Tomb:1   | Killed a greater mummy
149646 | Tomb:1   | Killed a greater mummy
149924 | Tomb:2   | Noticed a greater mummy
149925 | Tomb:2   | Noticed a greater mummy
149925 | Tomb:2   | Noticed a greater mummy
149925 | Tomb:2   | Noticed a greater mummy
150332 | Tomb:2   | Killed a greater mummy
150370 | Tomb:2   | Killed a greater mummy
150426 | Tomb:2   | Killed a greater mummy
150722 | Tomb:2   | Killed a greater mummy
151002 | Tomb:3   | Entered Level 3 of the Tomb of the Ancients
151068 | Tomb:3   | Noticed a greater mummy
151071 | Tomb:3   | Noticed a greater mummy
151083 | Tomb:3   | Killed a greater mummy
151126 | Tomb:3   | Reached skill level 15 in Dodging
151126 | Tomb:3   | Noticed a greater mummy
151128 | Tomb:3   | Noticed a greater mummy
151139 | Tomb:3   | Noticed a greater mummy
151147 | Tomb:3   | HP: 14/299 [death scarab (4)]
151147 | Tomb:3   | Slain by an ancient champion

Levels and vault maps discovered:
D:1:      minmay_arrival_shattered_statue, layout_basic
D:2:      layout_rooms, okawaru_trees_1, lemuel_doored_altar, first_ration,
          st_stairs_1
D:3:      layout_basic, grunt_gozag_breadcrumbs, chequers_garden
D:4:      layout_loops_ring, kennysheep_mini_moat,
          nicolae_ru_the_path_less_chosen, serial_shops,
          nicolae_shop_waterfront, eino_small_chamber_without_monster
D:5:      layout_basic, nicolae_ossuary_entry_ruins, uniq_sigmund
D:6:      layout_basic, lemuel_coloured_pillars_altar, tgw_sif
D:7:      nicolae_whirlpool, layout_rooms, old_standard_altar,
          nemelex_xobeh_ov_fountains_minmay,
          minmay_temple_entry_statues_pillars, lightli_church_of_beogh,
          uniq_crazy_yiuf_cottage, uniq_harold
D:8:      layout_rooms, overflow_temple_1_default, kennysheep_mini,
          uniq_maurice, uniq_pikel
D:9:      layout_basic, gammafunk_temple_overflow_statue, erik_lair_island
D:10:     layout_rooms, grunt_livestock, uniq_joseph
D:11:     layout_loops_ring, enter_bailey_2
D:12:     layout_long_grid, kennysheep_orc_monster_closet_entryway
D:13:     layout_layer_cave, basic_altar, uniq_frances, uniq_nessos
D:14:     layout_loops_cross, ximxim_vaults_locker_room
D:15:     grunt_enter_depths_giant_problem, layout_loops_cross,
          chequers_decorated_corner, lightli_minifort, uniq_kirke, uniq_agnes
Temple:   compressed_dpeg_triangle_lava_temple
Lair:1:   wad_woods_structure_01, layout_cave_shapes
Lair:2:   layout_regular_city, gammafunk_ghost_icy, serial_rivers,
          chequers_serial_rivers_large_a, chequers_serial_rivers_small_a,
          chequers_serial_rivers_marsh, chequers_serial_rivers_room_b,
          chequers_serial_rivers_micro_b, beast_lair_carwin_11,
          grunt_megastairs_5, uniq_gastronok
Lair:3:   layout_regular_city, dummy_snake_entry
Lair:4:   layout_layer_cave, elwin_shoals_entry_rooms, special_room
          [special_room_bee], nicolae_volcano_entry_two_sided
Lair:5:   layout_cave_pods, slime_altar_1, gammafunk_ghost_hydra_chop
Lair:6:   minmay_lair_end_enchanted_forest, layout_hall_layers, st_stairs_10
Shoals:1: layout_shoals
Shoals:2: layout_shoals, lightli_airlock, uniq_polyphemus
Shoals:3: layout_shoals
Shoals:4: shoals_end_simple, layout_shoals, nicolae_shoals_drake_roost
Snake:1:  layout_grid_maze, serial_shops, shop, basic_altar
Snake:2:  gammafunk_the_bubble [the_bubble_gammafunk_roulette], layout_rooms,
          serial_shops, shop, portal_ice_cave_entry_dragon, uniq_donald,
          uniq_vashnia
Snake:3:  layout_onion, st_stairs_5, uniq_azrael, uniq_bai_suzhen
Snake:4:  snake_pit, layout_cave_town, uniq_aizul
Slime:1:  layout_caves
Slime:2:  layout_caves
Orc:1:    layout_caves, serial_shops, nicolae_shop_window_shopping
Orc:2:    st_orc_ogre_mass, layout_diamond_mine, uniq_jorgrun
Elf:1:    minmay_elf_arrival_summoners, layout_geoelf_grid, serial_shops,
          nicolae_shop_overgrown_old_shop, orc_legates
Elf:2:    layout_geoelf_octagon, serial_shops, shop, minmay_crystal_room
Elf:3:    grunt_elf_hall_spiral, layout_loops_corners,
          nicolae_trove_entry_diagonal, serial_sigils_hangedman_gnaw,
          sword_in_stone
Vaults:1: nicolae_vaults_big_ls, vaults_room_hallway, hangedman_vaults_slice,
          nicolae_vaults_mini_display_case, nicolae_vaults_three_branches,
          ontoclasm_vaults_tryst, v_alt_pattern_1,
          nicolae_vaults_diagonal_hallway_8, grunt_vaults_hallway_short,
          nicolae_vaults_little_squares_6, layout_vaults_ring
Vaults:2: nicolae_vaults_what_the_h, hangedman_vaults_capsules, v_misc_27,
          nicolae_vaults_border_crossing, vaults_room_grid, vaults_room_grid,
          hangedman_vaults_river_flow, minmay_crypt_entry_nasty_monster,
          grunt_vaults_diagonal, ontoclasm_vaults_ring_square,
          nicolae_vaults_network_periphery, layout_vaults_omnigrid,
          serial_shops, bzr_entry_islet, basic_altar, uniq_boris, uniq_asterion,
          uniq_margery
Vaults:3: v_rooms_4, nicolae_vaults_little_squares_3, v_misc_33,
          v_alt_pattern_6, nicolae_vaults_rhombus_5,
          nicolae_vaults_puzzle_piece, ontoclasm_vaults_gateway,
          hangedman_vaults_restitches, grunt_vaults_hallway_short, v_misc_3,
          ontoclasm_vaults_hangar, nicolae_vaults_display_case,
          vaults_mumra_lcd, vaults_room_pool, layout_vaults_omnicross,
          uniq_frederick
Vaults:4: nicolae_vaults_circle_grid_a, hangedman_vaults_snaps,
          hangedman_vaults_slice, layout_vaults_maze_bifur, serial_shops, shop,
          serial_glass, basic_altar
Vaults:5
Crypt:1:  layout_chaotic_city, grunt_ministairs_10, grunt_crypt_arrival_split,
          uniq_mennas
Crypt:2:  layout_regular_city
Crypt:3:  due_elkab, layout_chaotic_city, minmay_misc_feat_alley,
          grunt_ministairs_11, wad_floor_pattern_untrapped
Tomb:1:   uniq_jory
Tomb:2
Tomb:3
Depths:1: layout_gridlike, enter_ziggurat_f, hell_entry,
          ebering_dispersal_statue_hall, minivault_1,
          minmay_mirror_moons_of_madness
Depths:2: box_level_dp, pan_entry, hell_entry, uniq_enchantress, uniq_mara
Depths:3: kennysheep_blocky_hall, layout_gridlike, hangedman_coc_ice_floe,
          rand_demon_pan_entry_9, abyss_entry_small_statue_room,
          minmay_misc_feat_tower, minmay_fire_ice_demons
Depths:4: minmay_the_grid_octo_tiled_squarecenter [minmay_the_grid_octo_teeth,
          minmay_the_grid_octo_tetromino_candy, minmay_the_grid_octo_fan_narrow,
          minmay_the_grid_octo_checkered,
          minmay_the_grid_square_5x5_megaprize_checkered,
          minmay_the_grid_square_5x5_corner,
          minmay_the_grid_square_5x5_three_small,
          minmay_the_grid_square_5x5_three,
          minmay_the_grid_square_5x5_checkered_sparse], layout_gridlike,
          hangedman_abyss_or_decor_jellyfish_corner, lightli_too_deep,
          pan_entry, hangedman_abyss_entry_splay, grunt_ministairs_7,
          minmay_misc_feat_more_columns
Depths:5: grunt_zot_entry_alcove, layout_cave_pools,
          nicolae_abyss_entry_one_way_or_another, pf_hell_entry_great_geh,
          hangedman_decor_points, mu_enter_wizlab_6, uniq_sojobo
Hell
Dis:1:    layout_gridville
Dis:2:    layout_gridville
Dis:3:    layout_chaotic_city, grunt_megastairs_2
Dis:4:    layout_regular_city, hangedman_dis_decor_blocks_talon, evilmike_ambush
          [evilmike_ambush_outer_pillars, evilmike_ambush_inner_basic]
Dis:5:    layout_overlapping_boxes
Dis:6:    layout_gridville
Dis:7:    iron_city_of_dis [dis_mu, dis_wall_6], layout_chaotic_city,
          nicolae_dis_lava_storage_tank
Geh:1:    layout_gehenna_lava_caves
Geh:2:    layout_gehenna_pools_triple
Geh:3:    layout_gehenna_lava_caves
Geh:4:    layout_gehenna_lava_caves
Geh:5:    layout_gehenna_pools_basic
Geh:6:    layout_gehenna_pools_box
Geh:7:    evilmike_geh
Tar:1:    layout_catacombs
Tar:2:    layout_honeycomb
Tar:3:    layout_grid_maze
Tar:4:    layout_honeycomb, nicolae_tar_cuneiform_three
Tar:5:    layout_cathedral_of_symmetry, grunt_megastairs_4
Tar:6:    layout_cathedral_of_symmetry

Skill      XL: |  1  2  3  4  5  6  7  8  9 10 11 12 13 14 15 16 17 18 19 20 21 22 23 24 25 26 27 |
---------------+----------------------------------------------------------------------------------+-----
Earth Magic    | 3 4 5 6 7 8 9 10 11 12 13 14 15 16 17 18 19 23 | 23.2
Unarmed Combat | 1 2 3 5 6 8 9 10 12 13 14 15 16 17 18 19 20 25 | 25.7
Fighting       | 1 2 3 4 5 6 7 8 9 10 11 12 13 14 15 16 21 | 21.7
Armour         | 1 2 3 4 5 6 7 8 9 10 11 12 13 14 15 16 | 16.4
Spellcasting   | 2 3 4 5 6 7 8 14 | 14.1
Necromancy     | 2 3 4 6 7 8 10 11 12 13 14 15 21 | 21.9
Shields        | 1 3 5 6 7 9 10 11 12 13 15 | 15.0
Conjurations   | 3 5 7 |  7.4
Transmutations | 1 25 | 25.0
Dodging        | 15 | 15.0
Translocations | 3 |  3.6
Stealth        | |  1.0

Action                   |  1- 3 |  4- 6 |  7- 9 | 10-12 | 13-15 | 16-18 | 19-21 | 22-24 | 25-27 || total
-------------------------+-------+-------+-------+-------+-------+-------+-------+-------+-------++-------
Melee: Unarmed           |   120 |   210 |   430 |   974 |  1784 |   855 |  1402 |  1342 | 14700 || 21817
       Punch             |       |     1 |    10 |    48 |       |       |       |       |       ||    59
       Hand axe          |       |       |       |    67 |       |       |       |       |       ||    67
       Staff             |       |       |       |       |       |       |       |    79 |       ||    79
       Kick              |       |       |       |       |       |       |       |       |  2875 ||  2875
       Headbutt          |       |       |       |       |       |       |       |       |   554 ||   554
Throw: Stone             |       |       |       |     3 |       |       |       |       |       ||     3
 Cast: Passwall          |       |     1 |       |       |       |       |       |     2 |     4 ||     7
       Stone Arrow       |       |       |       |    20 |    11 |     5 |       |       |       ||    36
       Dispel Undead     |       |       |       |     4 |       |       |     3 |    99 |   257 ||   363
       Animate Dead      |       |       |       |       |     3 |     2 |       |       |     1 ||     6
       Regeneration      |       |       |       |       |     4 |     4 |     1 |    12 |    44 ||    65
       Borgnjor's Vile C |       |       |       |       |       |   188 |   270 |   233 |   784 ||  1475
       Iron Shot         |       |       |       |       |       |       |       |     9 |    21 ||    30
       Sublimation of Bl |       |       |       |       |       |       |       |       |    16 ||    16
       Necromutation     |       |       |       |       |       |       |       |       |   449 ||   449
       Shatter           |       |       |       |       |       |       |       |       |     4 ||     4
Invok: Receive Corpses   |       |       |       |       |     4 |     2 |     1 |     1 |     1 ||     9
       Torment           |       |       |       |       |     3 |     1 |     2 |       |       ||     6
       Receive Necronomi |       |       |       |       |     1 |       |       |       |       ||     1
 Abil: End Transformatio |       |       |       |       |       |       |       |       |     5 ||     5
Evoke: Wand              |       |       |     2 |    30 |    50 |    13 |    14 |    13 |     2 ||   124
       Lamp of fire      |       |       |       |       |     2 |     2 |     1 |     1 |       ||     6
       Box of beasts     |       |       |       |       |       |       |       |     1 |       ||     1
       Lightning rod     |       |       |       |       |       |       |       |     1 |       ||     1
       Phantom mirror    |       |       |       |       |       |       |       |       |     1 ||     1
  Use: Scroll            |       |     3 |     3 |    18 |    21 |    13 |    22 |    21 |    69 ||   170
       Potion            |       |     4 |     4 |    12 |     7 |    16 |     5 |    10 |    38 ||    96
 Stab: Sleeping          |     1 |     1 |       |       |       |     1 |       |       |       ||     3
       Invisible         |       |       |    10 |       |     2 |       |       |       |       ||    12
       Paralysed         |       |       |     2 |     2 |    26 |       |     5 |       |       ||    35
       Distracted        |       |       |       |       |     1 |       |       |       |     3 ||     4
       Petrified         |       |       |       |       |       |       |       |     3 |       ||     3
       Petrifying        |       |       |       |       |       |       |       |       |     1 ||     1
  Eat: Chunk             |    17 |    14 |    34 |    75 |   114 |    50 |   200 |   142 |   245 ||   891
       Ration            |       |       |     2 |     3 |     2 |    24 |       |    24 |    64 ||   119
Armor: Robe              |    57 |    85 |    83 |    36 |       |       |    23 |    44 |    87 ||   415
       Troll leather arm |       |       |       |   371 |   625 |   109 |       |       |       ||  1105
       Storm dragon scal |       |       |       |       |       |   144 |   517 |   412 |   294 ||  1367
       Gold dragon scale |       |       |       |       |       |       |       |    43 |  2530 ||  2573
       Fire dragon scale |       |       |       |       |       |       |       |       |  2694 ||  2694
Dodge: Dodged            |    67 |   108 |   215 |   391 |   450 |   145 |   258 |   418 |  2893 ||  4945
       Deflected         |       |       |       |       |       |       |       |       |    65 ||    65
Block: Shield            |       |       |       |    50 |   971 |   553 |   966 |   978 |  6029 ||  9547
       Large shield      |       |       |       |       |       |       |       |       |  5022 ||  5022

Table legend:
 A = Non-vault XP
 B = Vault XP
 C = Vault XP percentage of total XP
 D = Non-vault monster count
 E = Vault monster count
 F = Vault count percentage of total count
                 A         B        C        D         E       F
            +---------+---------+-------+---------+---------+-------
      Total | 3230358 | 1037071 |  24.3 |    5504 |    1254 |  18.6
            +---------+---------+-------+---------+---------+-------
        D:1 |      31 |       0 |   0.0 |      18 |       0 |   0.0
        D:2 |      54 |       3 |   5.3 |      24 |       2 |   7.7
        D:3 |     130 |       0 |   0.0 |      22 |       0 |   0.0
        D:4 |     376 |       0 |   0.0 |      17 |       0 |   0.0
        D:5 |    1204 |     231 |  16.1 |      27 |       1 |   3.6
        D:6 |     326 |       0 |   0.0 |       7 |       0 |   0.0
        D:7 |     836 |     745 |  47.1 |      13 |       3 |  18.8
        D:8 |     823 |     433 |  34.5 |      10 |       1 |   9.1
        D:9 |    1616 |    1096 |  40.4 |      16 |       9 |  36.0
       D:10 |    1505 |    1423 |  48.6 |      19 |       6 |  24.0
       D:11 |    4130 |       0 |   0.0 |      24 |       0 |   0.0
       D:12 |    7754 |    1726 |  18.2 |      37 |      20 |  35.1
       D:13 |   11609 |    3495 |  23.1 |      42 |       2 |   4.5
       D:14 |    5915 |    3953 |  40.1 |      35 |      12 |  25.5
       D:15 |    7636 |    7355 |  49.1 |      23 |      10 |  30.3
     Lair:1 |    2078 |    3583 |  63.3 |       9 |      10 |  52.6
     Lair:2 |    5730 |    6132 |  51.7 |      26 |      19 |  42.2
     Lair:3 |    4130 |       0 |   0.0 |      19 |       0 |   0.0
     Lair:4 |   11081 |    3309 |  23.0 |      40 |      28 |  41.2
     Lair:5 |   13899 |       0 |   0.0 |      33 |       0 |   0.0
     Lair:6 |    8293 |    6768 |  44.9 |      26 |      38 |  59.4
   Shoals:1 |   12818 |       0 |   0.0 |      26 |       0 |   0.0
   Shoals:2 |    7460 |    5662 |  43.1 |      13 |       5 |  27.8
   Shoals:3 |    6288 |       0 |   0.0 |      10 |       0 |   0.0
   Shoals:4 |   16298 |   22452 |  57.9 |      34 |      45 |  57.0
    Snake:1 |    9685 |       0 |   0.0 |      18 |       0 |   0.0
    Snake:2 |    9632 |   24815 |  72.0 |      22 |      23 |  51.1
    Snake:3 |   18441 |    3501 |  16.0 |      33 |      10 |  23.3
    Snake:4 |   14113 |   33143 |  70.1 |      30 |      48 |  61.5
    Slime:1 |   12973 |       0 |   0.0 |      39 |       0 |   0.0
    Slime:2 |    4759 |       0 |   0.0 |      15 |       0 |   0.0
      Orc:1 |    3160 |     894 |  22.1 |      25 |       1 |   3.8
      Orc:2 |    1459 |   20030 |  93.2 |      20 |      38 |  65.5
      Elf:1 |   11111 |   13318 |  54.5 |      19 |      29 |  60.4
      Elf:2 |   17262 |    3386 |  16.4 |      31 |       3 |   8.8
      Elf:3 |    9748 |   47882 |  83.1 |      15 |      33 |  68.8
   Vaults:1 |   36642 |    5196 |  12.4 |      60 |       8 |  11.8
   Vaults:2 |   33519 |   45630 |  57.7 |      62 |      55 |  47.0
   Vaults:3 |   31832 |   18977 |  37.3 |      46 |      23 |  33.3
   Vaults:4 |   45853 |   33062 |  41.9 |      58 |      28 |  32.6
   Vaults:5 |   25898 |  106984 |  80.5 |      47 |      66 |  58.4
    Crypt:1 |   30352 |    1552 |   4.9 |      41 |       1 |   2.4
    Crypt:2 |   57888 |       0 |   0.0 |      67 |       0 |   0.0
    Crypt:3 |   24924 |   30964 |  55.4 |      27 |      62 |  69.7
     Tomb:1 |   12165 |   59045 |  82.9 |      33 |      36 |  52.2
     Tomb:2 |   20559 |   42275 |  67.3 |      46 |      49 |  51.6
     Tomb:3 |    4132 |   31711 |  88.5 |      16 |      30 |  65.2
   Depths:1 |   54515 |   30285 |  35.7 |      63 |      37 |  37.0
   Depths:2 |   48316 |   63102 |  56.6 |      61 |      68 |  52.7
   Depths:3 |   49955 |   17746 |  26.2 |      64 |      28 |  30.4
   Depths:4 |   59341 |   42302 |  41.6 |      50 |      28 |  35.9
   Depths:5 |   56766 |   27087 |  32.3 |      62 |      17 |  21.5
       Hell |   24926 |   29756 |  54.4 |      29 |      41 |  58.6
      Dis:1 |   86857 |       0 |   0.0 |     145 |       0 |   0.0
      Dis:2 |   38233 |       0 |   0.0 |      71 |       0 |   0.0
      Dis:3 |   32541 |   12934 |  28.4 |      81 |       9 |  10.0
      Dis:4 |   71005 |   15444 |  17.9 |     120 |      22 |  15.5
      Dis:5 |   40928 |       0 |   0.0 |      83 |       0 |   0.0
      Dis:6 |   67740 |       0 |   0.0 |      89 |       0 |   0.0
      Dis:7 |   59488 |   88880 |  59.9 |      74 |      58 |  43.9
      Geh:1 |   71320 |       0 |   0.0 |     158 |       0 |   0.0
      Geh:2 |   81694 |       0 |   0.0 |     136 |       0 |   0.0
      Geh:3 |   72680 |       0 |   0.0 |     125 |       0 |   0.0
      Geh:4 |   95697 |       0 |   0.0 |     146 |       0 |   0.0
      Geh:5 |   56397 |       0 |   0.0 |     119 |       0 |   0.0
      Geh:6 |   64812 |       0 |   0.0 |     114 |       0 |   0.0
      Geh:7 |   48681 |   68458 |  58.4 |      52 |      51 |  49.5
      Tar:1 |   97045 |       0 |   0.0 |     133 |       0 |   0.0
      Tar:2 |   79402 |       0 |   0.0 |      92 |       0 |   0.0
      Tar:3 |  200951 |       0 |   0.0 |     236 |       0 |   0.0
      Tar:4 |   55541 |       0 |   0.0 |      77 |       0 |   0.0
      Tar:5 |   99609 |     907 |   0.9 |     126 |       2 |   1.6
      Tar:6 |   93236 |       0 |   0.0 |      88 |       0 |   0.0
    Abyss:1 |  596518 |   16452 |   2.7 |    1132 |      23 |   2.0
    Abyss:2 |   66881 |       0 |   0.0 |     130 |       0 |   0.0
    Abyss:3 |   44665 |   13608 |  23.4 |      83 |      23 |  21.7
    Abyss:4 |  128261 |     985 |   0.8 |     187 |       2 |   1.1
    Abyss:5 |   18230 |       0 |   0.0 |      38 |       0 |   0.0
    Ossuary |       0 |     852 | 100.0 |       0 |      28 | 100.0
     Bailey |       0 |     442 | 100.0 |       0 |      16 | 100.0
      IceCv |       0 |   11159 | 100.0 |       0 |      27 | 100.0
    Volcano |       0 |    5941 | 100.0 |       0 |      20 | 100.0
            +---------+---------+-------+---------+---------+-------
